Workbook
Name JR_PAGE_ANCHOR_0_1: 'CURVA ABC SERVICOS'!$A$1
Name JR_PAGE_ANCHOR_0_1: 'PLANILHA ORCAMENTARIA'!$A$1
Name JR_PAGE_ANCHOR_1_1: RESUMO!$A$1
Name JR_PAGE_ANCHOR_2_1: 'COMPOSICOES PROPRIAS'!$A$1
Name JR_PAGE_ANCHOR_3_1: #REF!
Name JR_PAGE_ANCHOR_4_1: 'CURVA ABC INSUMOS'!$A$1
Name JR_PAGE_ANCHOR_5_1: CRONOGRAMA!$A$1
Name JR_PAGE_ANCHOR_6_1: BDI!$A$1
Name medidas: #REF!
Name medidas: #REF!
Name Print_Area: 'Memória de Cálculo'!$A$1:$J$9
Name TABELA: '[2]PLANILHA FONTE'!$B$2:$G$290

Sheet RESUMO
A4: 1 | B4: PAVIMENTAÇÃO | D4: 5685898.4 | E4: 90.424981
A5: 1.1 | B5: RUA MANOEL BENÍCIO - PIEDADE | D5: 757147.32 | E5: 12.041199
A6: 1.2 | B6: RUA GOIANINHA - JARDIM JORDÃO | D6: 284551.62 | E6: 4.5253315
A7: 1.3 | B7: RUA RENASCENÇA - CAJUEIRO SECO | D7: 1062806.7 | E7: 16.902215
A8: 1.4 | B8: RUA MARACANÃ - SOTAVE | D8: 1007912.4 | E8: 16.02921
A9: 1.5 | B9: RUA MARANDANE - SOTAVE | D9: 342941.99 | E9: 5.4539355
A10: 1.6 | B10: RUA NOVA VIDA - GUARARAPES | D10: 384780.74 | E10: 6.1193129
A11: 1.7 | B11: RUA VALMIRO PAULO DA SILVA - BARRA DE JANGADA | D11: 464222.44 | E11: 7.3827042
A12: 1.8 | B12: RUA MOEDA DE BRONZE - JABOATÃO CENTRO | D12: 586818.35 | E12: 9.3323931
A13: 1.9 | B13: RUA RECIFE - SOCORRO | D13: 794716.79 | E13: 12.63868
A14: 2 | B14: CALÇADAS | D14: 602074.58 | E14: 9.5750186
A15: 2.1 | B15: REQUALIFICAÇÃO DE CALÇADAS | D15: 602074.58 | E15: 9.5750186
C16: VALOR BDI TOTAL: | D16: 782360.41 | E16: 100
C17: VALOR ORÇAMENTO: | D17: 5505612.5
C18: VALOR TOTAL: | D18: 6287972.9

Sheet PLANILHA ORCAMENTARIA
A2: ITEM | B2: CÓDIGO | C2: REF. | D2: DESCRIÇÃO | E2: UNID. | F2: QUANT. | G2: CUSTO UNITÁRIO | H2: BDI (%) | I2: PREÇO UNITÁRIO | J2: PREÇO DO SERVIÇO
A3: 1 | B3: PAVIMENTAÇÃO | J3: 5685898.4
A4: 1.1 | B4: RUA MANOEL BENÍCIO - PIEDADE | J4: 757147.32
A5: 1.1.1 | B5: INSTALAÇÕES PROVISÓRIAS | J5: 7783.05
A6: 1.1.1.1 | B6: CP-74209/001-15055090 | C6: Composições Próprias | D6: PLACA DE OBRA EM CHAPA DE ACO GALVANIZADO | E6: M2 | F6: 8 | G6: 564.99 | H6: 17.57 | I6: 664.26 | J6: 5314.08
A7: 1.1.1.2 | B7: COMP-07440249 | C7: Composições Próprias | D7: BANHEIRO QUÍMICO, COM LOCAÇÃO, TRANSPORTE E LIMPEZA | E7: MÊS | F7: 3 | G7: 700 | H7: 17.57 | I7: 822.99 | J7: 2468.97
A8: 1.1.2 | B8: ADMINISTRAÇÃO LOCAL | J8: 26597.11
A9: 1.1.2.1 | B9: 93565 | C9: SINAPI | D9: ENGENHEIRO CIVIL DE OBRA JUNIOR COM ENCARGOS COMPLEMENTARES | E9: MES | F9: 0.75 | G9: 16819.14 | H9: 17.57 | I9: 19774.26 | J9: 14830.7
A10: 1.1.2.2 | B10: 93572 | C10: SINAPI | D10: ENCARREGADO GERAL DE OBRAS COM ENCARGOS COMPLEMENTARES | E10: MES | F10: 1.5 | G10: 6672 | H10: 17.57 | I10: 7844.27 | J10: 11766.41
A11: 1.1.3 | B11: SERVIÇOS PRELIMINARES | J11: 16063.34
A12: 1.1.3.1 | B12: 99064 | C12: SINAPI | D12: LOCAÇÃO DE PAVIMENTAÇÃO. AF_10/2018 | E12: M | F12: 388.6 | G12: 0.49 | H12: 17.57 | I12: 0.58 | J12: 225.39
A13: 1.1.3.2 | B13: COMP-17562084 | C13: Composições Próprias | D13: DEMOLIÇÃO MANUAL DE CONCRETO SIMPLES | E13: M³ | F13: 57.82 | G13: 212.24 | H13: 17.57 | I13: 249.53 | J13: 14427.82
A14: 1.1.3.3 | B14: COMP-01471766 | C14: Composições Próprias | D14: DEMOLIÇÃO DE MEIO-FIO | E14: M | F14: 52.82 | G14: 11.13 | H14: 17.57 | I14: 13.09 | J14: 691.41
A15: 1.1.3.4 | B15: COMP-35145154 | C15: Composições Próprias | D15: CARGA E DESCARGA MECANICA DE SOLO UTILIZANDO CAMINHAO BASCULANTE 14,0M3/36T E PA CARREGADEIRA SOBRE PNEUS 128 HP, CAPACIDADE DA CAÇAMBA 1,7 A 2,8 M3, PESO OPERACIONAL 11632 KH | E15: M³ | F15: 75.25 | G15: 2.9 | H15: 17.57 | I15: 3.41 | J15: 256.6
A16: 1.1.3.5 | B16: 95876 | C16: SINAPI | D16: TRANSPORTE COM CAMINHÃO BASCULANTE DE 14 M³, EM VIA URBANA PAVIMENTADA, DMT ATÉ 30 KM (UNIDADE: M3XKM). AF_07/2020 | E16: M3XKM | F16: 173.08 | G16: 2.27 | H16: 17.57 | I16: 2.67 | J16: 462.12
A17: 1.1.4 | B17: TERRAPLANAGEM | J17: 37121.15
A18: 1.1.4.1 | B18: CP-74205/001-17324935 | C18: Composições Próprias | D18: ESCAVAÇÃO MECÂNICA DE MATERIAL 1A. CATEGORIA, PROVENIENTE DE CORTE DE SUBLEITO (C/TRATOR ESTEIRAS 160HP) | E18: M3 | F18: 2476.6 | G18: 2.59 | H18: 17.57 | I18: 3.05 | J18: 7553.63
A19: 1.1.4.2 | B19: COMP-35145154 | C19: Composições Próprias | D19: CARGA E DESCARGA MECANICA DE SOLO UTILIZANDO CAMINHAO BASCULANTE 14,0M3/36T E PA CARREGADEIRA SOBRE PNEUS 128 HP, CAPACIDADE DA CAÇAMBA 1,7 A 2,8 M3, PESO OPERACIONAL 11632 KH | E19: M³ | F19: 3095.75 | G19: 2.9 | H19: 17.57 | I19: 3.41 | J19: 10556.51
A20: 1.1.4.3 | B20: 95876 | C20: SINAPI | D20: TRANSPORTE COM CAMINHÃO BASCULANTE DE 14 M³, EM VIA URBANA PAVIMENTADA, DMT ATÉ 30 KM (UNIDADE: M3XKM). AF_07/2020 | E20: M3XKM | F20: 7120.23 | G20: 2.27 | H20: 17.57 | I20: 2.67 | J20: 19011.01
A21: 1.1.5 | B21: PAVIMENTAÇÃO | J21: 325065.58
A22: 1.1.5.1 | B22: 100576 | C22: SINAPI | D22: REGULARIZAÇÃO E COMPACTAÇÃO DE SUBLEITO DE SOLO PREDOMINANTEMENTE ARGILOSO. AF_11/2019 | E22: M2 | F22: 2732.83 | G22: 2.79 | H22: 17.57 | I22: 3.28 | J22: 8963.68
A23: 1.1.5.2 | B23: COMP-47176600 | C23: Composições Próprias | D23: EXEC. DE ATERRO COM AREIA COM ADENSAMENTO HIDRAULICO | E23: M³ | F23: 1002.29 | G23: 104.33 | H23: 17.57 | I23: 122.66 | J23: 122940.89
A24: 1.1.5.3 | B24: COMP-28881239 | C24: Composições Próprias | D24: Base ou sub-base de macadame hidráulico com brita comercial - EXCLUSIVE MATERIAL, CARGA E TRANSPORTE - NÃO DESONERADO | E24: m³ | F24: 421.28 | G24: 11.4 | H24: 17.57 | I24: 13.4 | J24: 5645.15
A25: 1.1.5.4 | B25: CP-96396-26507981 | C25: Composições Próprias | D25: EXECUÇÃO E COMPACTAÇÃO DE BASE E OU SUB BASE PARA PAVIMENTAÇÃO DE BRITA GRADUADA SIMPLES - EXCLUSIVE MATERIAL, CARGA E TRANSPORTE | E25: M3 | F25: 474.97 | G25: 14.44 | H25: 17.57 | I25: 16.98 | J25: 8064.99
A26: 1.1.5.5 | B26: COMP-35145154 | C26: Composições Próprias | D26: CARGA E DESCARGA MECANICA DE SOLO UTILIZANDO CAMINHAO BASCULANTE 14,0M3/36T E PA CARREGADEIRA SOBRE PNEUS 128 HP, CAPACIDADE DA CAÇAMBA 1,7 A 2,8 M3, PESO OPERACIONAL 11632 KH | E26: M³ | F26: 1120.31 | G26: 2.9 | H26: 17.57 | I26: 3.41 | J26: 3820.26
A27: 1.1.5.6 | B27: COMP-83526730 | C27: Composições Próprias | D27: TRANSPORTE COMERCIAL DE BRITA | E27: M³XKM | F27: 9634.67 | G27: 1.37 | H27: 17.57 | I27: 1.61 | J27: 15511.82
A28: 1.1.5.7 | B28: CP-92399-27762594 | C28: Composições Próprias | D28: EXECUÇÃO DE VIA EM PISO INTERTRAVADO, COM BLOCO RETANGULAR COR NATURAL/COLORIDO DE 20 X 10 CM, ESPESSURA 8 CM - (SEM O MATERIAL BLOQUETE/PISO INTERTRAVADO) | E28: M2 | F28: 227.11 | G28: 20.41 | H28: 17.57 | I28: 24 | J28: 5450.64
A29: 1.1.5.8 | B29: COMP-62038505 | C29: Composições Próprias | D29: EXECUÇÃO DE IMPRIMAÇÃO COM ASFALTO DILUÍDO CM-30 - SERVIÇO UTILIZADO NOS LOTES | E29: M2 | F29: 1935.14 | G29: 7.62 | H29: 17.57 | I29: 8.96 | J29: 17338.85
A30: 1.1.5.9 | B30: CP-95995-51339760 | C30: Composições Próprias | D30: EXECUÇÃO DE PAVIMENTO COM APLICAÇÃO DE CONCRETO ASFÁLTICO, CAMADA DE ROLAMENTO - EXCLUSIVE CARGA E TRANSPORTE E CONCRETO BETUMINOSO | E30: M3 | F30: 96.76 | G30: 133.37 | H30: 17.57 | I30: 156.8 | J30: 15171.97
A31: 1.1.5.10 | B31: COMP-10034101 | C31: Composições Próprias | D31: CARGA, MANOBRAS E DESCARGA DE MISTURA BETUMINOSA A QUENTE, COM CAMINHAO BASCULANTE 6 M3, DESCARGA EM VIBRO-ACABADORA | E31: M³ | F31: 96.76 | G31: 7.86 | H31: 17.57 | I31: 9.24 | J31: 894.06
A32: 1.1.5.11 | B32: CP-95303-56931542 | C32: Composições Próprias | D32: TRANSPORTE COM CAMINHÃO BASCULANTE 10 M3 DE MASSA ASFALTICA PARA PAVIMENTAÇÃO URBANA | E32: M3XKM | F32: 1722.33 | G32: 1.77 | H32: 17.57 | I32: 2.08 | J32: 3582.45
A33: 1.1.5.12 | B33: CP-97084-89637704 | C33: Composições Próprias | D33: REGULARIZACAO E COMPACTAÇÃO MANUAL DE TERRENO COM PLACA VIBRATÓRIA | E33: M2 | F33: 1897.96 | G33: 0.65 | H33: 17.57 | I33: 0.76 | J33: 1442.45
... A39: 1.1.5.18 | B39: 98504 | C39: SINAPI | D39: PLANTIO DE GRAMA BATATAIS EM PLACAS. AF_05/2018 | E39: M2 | F39: 105 | G39: 13.8 | H39: 17.57 | I39: 16.22 | J39: 1703.1
A40: 1.1.6 | B40: DRENAGEM | J40: 2150.05
A41: 1.1.6.1 | B41: 93358 | C41: SINAPI | D41: ESCAVAÇÃO MANUAL DE VALA COM PROFUNDIDADE MENOR OU IGUAL A 1,30 M. AF_02/2021 | E41: M3 | F41: 0.99 | G41: 78.32 | H41: 17.57 | I41: 92.08 | J41: 91.16
A42: 1.1.6.2 | B42: 94974 | C42: SINAPI | D42: CONCRETO MAGRO PARA LASTRO, TRAÇO 1:4,5:4,5 (EM MASSA SECA DE CIMENTO/ AREIA MÉDIA/ BRITA 1) - PREPARO MANUAL. AF_05/2021 | E42: M3 | F42: 0.62 | G42: 436.13 | H42: 17.57 | I42: 512.76 | J42: 317.91
A43: 1.1.6.3 | B43: 94971 | C43: SINAPI | D43: CONCRETO FCK = 25MPA, TRAÇO 1:2,3:2,7 (EM MASSA SECA DE CIMENTO/ AREIA MÉDIA/ BRITA 1) - PREPARO MECÂNICO COM BETONEIRA 600 L. AF_05/2021 | E43: M3 | F43: 0.99 | G43: 472.74 | H43: 17.57 | I43: 555.8 | J43: 550.24
A44: 1.1.6.4 | B44: CP-74157/004-48264518 | C44: Composições Próprias | D44: LANCAMENTO/APLICACAO MANUAL DE CONCRETO EM FUNDACOES (concreto magro) | E44: M3 | F44: 1.61 | G44: 129.79 | H44: 17.57 | I44: 152.59 | J44: 245.67
A45: 1.1.6.5 | B45: CP-S03639-45770834 | C45: Composições Próprias | D45: Fornecimento e instalação de tela aço soldada nervurada CA-60, Q-283, malha 10x10cm, ferro 6.02mm (4,48 kg/m2), painel 2,45x6,0m, Telcon ou similar | E45: m2 | F45: 12.32 | G45: 65.25 | H45: 17.57 | I45: 76.71 | J45: 945.07
A46: 1.1.7 | B46: SINALIZAÇÃO | J46: 13597.48
A47: 1.1.7.1 | B47: 5213416 | C47: SICRO NOVO | D47: Confecção de placa em aço nº 16 galvanizado, com película tipo I + I | E47: m² | F47: 3 | G47: 355.35 | H47: 17.57 | I47: 417.78 | J47: 1253.34
A48: 1.1.7.2 | B48: 5213421 | C48: SICRO NOVO | D48: Confecção de placa em aço nº 16 galvanizado, com película tipo I + IV | E48: m² | F48: 3.94 | G48: 347.25 | H48: 17.57 | I48: 408.26 | J48: 1608.54
A49: 1.1.7.3 | B49: 5216111 | C49: SICRO NOVO | D49: FORNECIMENTO E IMPLANTAÇÃO DE SUPORTE E TRAVESSA PARA PLACA DE SINALIZAÇÃO EM MADEIRA DE LEI TRATADA 8 X 8 CM | E49: un | F49: 14 | G49: 121.48 | H49: 17.57 | I49: 142.82 | J49: 1999.48
A50: 1.1.7.4 | B50: COMP-58084869 | C50: Composições Próprias | D50: PLACA ESMALTADA PARA IDENTIFICAÇÃO NR DE RUA, DIMENSÕES 45X25CM | E50: UND | F50: 6 | G50: 156.33 | H50: 17.57 | I50: 183.8 | J50: 1102.8
A51: 1.1.7.5 | B51: CP-72947-21572945 | C51: Composições Próprias | D51: SINALIZACAO HORIZONTAL COM TINTA RETRORREFLETIVA A BASE DE RESINA ACRILICA COM MICROESFERAS DE VIDRO | E51: M2 | F51: 2.88 | G51: 20.3 | H51: 17.57 | I51: 23.87 | J51: 68.75
A52: 1.1.7.6 | B52: 102512 | C52: SINAPI | D52: PINTURA DE EIXO VIÁRIO SOBRE ASFALTO COM TINTA RETRORREFLETIVA A BASE DE RESINA ACRÍLICA COM MICROESFERAS DE VIDRO, APLICAÇÃO MECÂNICA COM DEMARCADORA AUTOPROPELIDA. AF_05/2021 | E52: M | F52: 945.96 | G52: 5.48 | H52: 17.57 | I52: 6.44 | J52: 6091.98
A53: 1.1.7.7 | B53: 102509 | C53: SINAPI | D53: PINTURA DE FAIXA DE PEDESTRE OU ZEBRADA TINTA RETRORREFLETIVA A BASE DE RESINA ACRÍLICA COM MICROESFERAS DE VIDRO, E = 30 CM, APLICAÇÃO MANUAL. AF_05/2021 | E53: M2 | F53: 51.87 | G53: 24.15 | H53: 17.57 | I53: 28.39 | J53: 1472.59
A54: 1.1.8 | B54: ACESSIBILIDADE | J54: 9836
A55: 1.1.8.1 | B55: CP-S12039-81921471 | C55: Composições Próprias | D55: Piso tátil direcional e/ou alerta, de concreto, na cor natural, p/deficientes visuais, dimensões 40x40cm, aplicado com argamassa industrializada ac-ii, rejuntado, exclusive regularização de base | E55: m2 | F55: 74.47 | G55: 112.34 | H55: 17.57 | I55: 132.08 | J55: 9836
A56: 1.1.9 | B56: MATERIAIS | J56: 318933.56
A57: 1.1.9.1 | B57: 00010775 | C57: SINAPI | D57: LOCACAO DE CONTAINER 2,30 X 6,00 M, ALT. 2,50 M, COM 1 SANITARIO, PARA ESCRITORIO, COMPLETO, SEM DIVISORIAS INTERNAS (NAO INCLUI MOBILIZACAO/DESMOBILIZACAO) - BDI = 10,07 | E57: MES | F57: 3 | G57: 830 | H57: 10.07 | I57: 913.58 | J57: 2740.74
A58: 1.1.9.2 | B58: 00010776 | C58: SINAPI | D58: LOCACAO DE CONTAINER 2,30 X 6,00 M, ALT. 2,50 M, PARA ESCRITORIO, SEM DIVISORIAS INTERNAS E SEM SANITARIO (NAO INCLUI MOBILIZACAO/DESMOBILIZACAO) - BDI = 10,07 | E58: MES | F58: 3 | G58: 648.43 | H58: 10.07 | I58: 713.73 | J58: 2141.19
A59: 1.1.9.3 | B59: 00036170 | C59: SINAPI | D59: BLOQUETE/PISO INTERTRAVADO DE CONCRETO - MODELO ONDA/16 FACES/RETANGULAR/TIJOLINHO/PAVER/HOLANDES/PARALELEPIPEDO, *22 CM X 11* CM, E = 8 CM, RESISTENCIA DE 35 MPA (NBR 9781), COR NATURAL - BDI = 10,07 | E59: M2 | F59: 178.53 | G59: 49 | H59: 10.07 | I59: 53.93 | J59: 9628.12
A60: 1.1.9.4 | B60: 00036154 | C60: SINAPI | D60: BLOQUETE/PISO INTERTRAVADO DE CONCRETO - MODELO ONDA/16 FACES/RETANGULAR/TIJOLINHO/PAVER/HOLANDES/PARALELEPIPEDO, 20 CM X 10 CM, E = 8 CM, RESISTENCIA DE 35 MPA (NBR 9781), COLORIDO - BDI = 10,07 | E60: M2 | F60: 51.56 | G60: 53.92 | H60: 10.07 | I60: 59.35 | J60: 3060.09
A61: 1.1.9.5 | B61: 00001518 | C61: SINAPI | D61: CONCRETO BETUMINOSO USINADO A QUENTE (CBUQ) PARA PAVIMENTACAO ASFALTICA, PADRAO DNIT, FAIXA C, COM CAP 50/70 - AQUISICAO POSTO USINA - BDI = 10,07 | E61: T | F61: 247.2 | G61: 522.5 | H61: 10.07 | I61: 575.12 | J61: 142169.66
A62: 1.1.9.6 | B62: INS-185032 | C62: Composições Próprias | D62: BRITA GRADUADA SIMPLES (BGS) - BDI = 10,07 | E62: M³ | F62: 474.97 | G62: 56.1 | H62: 10.07 | I62: 61.75 | J62: 29329.4
A63: 1.1.9.7 | B63: M0808 | C63: SICRO NOVO | D63: Brita 4 - BDI = 10,07 | E63: m³ | F63: 530.81 | G63: 90.74 | H63: 10.07 | I63: 99.88 | J63: 53017.3
A64: 1.1.9.8 | B64: M1135 | C64: SICRO NOVO | D64: Pó de pedra - BDI = 10,07 | E64: m³ | F64: 58.98 | G64: 74.53 | H64: 10.07 | I64: 82.04 | J64: 4838.72
A65: 1.1.9.9 | B65: 00034492 | C65: SINAPI | D65: CONCRETO USINADO BOMBEAVEL, CLASSE DE RESISTENCIA C20, COM BRITA 0 E 1, SLUMP = 100 +/- 20 MM, EXCLUI SERVICO DE BOMBEAMENTO (NBR 8953) - BDI = 10,07 | E65: M3 | F65: 154.84 | G65: 422.5 | H65: 10.07 | I65: 465.05 | J65: 72008.34
A66: 1.2 | B66: RUA GOIANINHA - JARDIM JORDÃO | J66: 284551.62
A67: 1.2.1 | B67: INSTALAÇÕES PROVISÓRIAS | J67: 6960.06
A68: 1.2.1.1 | B68: CP-74209/001-15055090 | C68: Composições Próprias | D68: PLACA DE OBRA EM CHAPA DE ACO GALVANIZADO | E68: M2 | F68: 8 | G68: 564.99 | H68: 17.57 | I68: 664.26 | J68: 5314.08
A69: 1.2.1.2 | B69: COMP-07440249 | C69: Composições Próprias | D69: BANHEIRO QUÍMICO, COM LOCAÇÃO, TRANSPORTE E LIMPEZA | E69: MÊS | F69: 2 | G69: 700 | H69: 17.57 | I69: 822.99 | J69: 1645.98
A70: 1.2.2 | B70: ADMINISTRAÇÃO LOCAL | J70: 12787.84
A71: 1.2.2.1 | B71: 93565 | C71: SINAPI | D71: ENGENHEIRO CIVIL DE OBRA JUNIOR COM ENCARGOS COMPLEMENTARES | E71: MES | F71: 0.25 | G71: 16819.14 | H71: 17.57 | I71: 19774.26 | J71: 4943.57
A72: 1.2.2.2 | B72: 93572 | C72: SINAPI | D72: ENCARREGADO GERAL DE OBRAS COM ENCARGOS COMPLEMENTARES | E72: MES | F72: 1 | G72: 6672 | H72: 17.57 | I72: 7844.27 | J72: 7844.27
A73: 1.2.3 | B73: SERVIÇOS PRELIMINARES | J73: 1260.8
A74: 1.2.3.1 | B74: 99064 | C74: SINAPI | D74: LOCAÇÃO DE PAVIMENTAÇÃO. AF_10/2018 | E74: M | F74: 224.14 | G74: 0.49 | H74: 17.57 | I74: 0.58 | J74: 130
A75: 1.2.3.2 | B75: COMP-17562084 | C75: Composições Próprias | D75: DEMOLIÇÃO MANUAL DE CONCRETO SIMPLES | E75: M³ | F75: 2.15 | G75: 212.24 | H75: 17.57 | I75: 249.53 | J75: 536.49
A76: 1.2.3.3 | B76: COMP-01471766 | C76: Composições Próprias | D76: DEMOLIÇÃO DE MEIO-FIO | E76: M | F76: 38.4 | G76: 11.13 | H76: 17.57 | I76: 13.09 | J76: 502.66
A77: 1.2.3.4 | B77: COMP-35145154 | C77: Composições Próprias | D77: CARGA E DESCARGA MECANICA DE SOLO UTILIZANDO CAMINHAO BASCULANTE 14,0M3/36T E PA CARREGADEIRA SOBRE PNEUS 128 HP, CAPACIDADE DA CAÇAMBA 1,7 A 2,8 M3, PESO OPERACIONAL 11632 KH | E77: M³ | F77: 4.85 | G77: 2.9 | H77: 17.57 | I77: 3.41 | J77: 16.54
A78: 1.2.3.5 | B78: 95876 | C78: SINAPI | D78: TRANSPORTE COM CAMINHÃO BASCULANTE DE 14 M³, EM VIA URBANA PAVIMENTADA, DMT ATÉ 30 KM (UNIDADE: M3XKM). AF_07/2020 | E78: M3XKM | F78: 28.13 | G78: 2.27 | H78: 17.57 | I78: 2.67 | J78: 75.11
A79: 1.2.4 | B79: TERRAPLANAGEM | J79: 18611.17
A80: 1.2.4.1 | B80: CP-74205/001-17324935 | C80: Composições Próprias | D80: ESCAVAÇÃO MECÂNICA DE MATERIAL 1A. CATEGORIA, PROVENIENTE DE CORTE DE SUBLEITO (C/TRATOR ESTEIRAS 160HP) | E80: M3 | F80: 697.83 | G80: 2.59 | H80: 17.57 | I80: 3.05 | J80: 2128.38
A81: 1.2.4.2 | B81: COMP-35145154 | C81: Composições Próprias | D81: CARGA E DESCARGA MECANICA DE SOLO UTILIZANDO CAMINHAO BASCULANTE 14,0M3/36T E PA CARREGADEIRA SOBRE PNEUS 128 HP, CAPACIDADE DA CAÇAMBA 1,7 A 2,8 M3, PESO OPERACIONAL 11632 KH | E81: M³ | F81: 872.29 | G81: 2.9 | H81: 17.57 | I81: 3.41 | J81: 2974.51
A82: 1.2.4.3 | B82: 95876 | C82: SINAPI | D82: TRANSPORTE COM CAMINHÃO BASCULANTE DE 14 M³, EM VIA URBANA PAVIMENTADA, DMT ATÉ 30 KM (UNIDADE: M3XKM). AF_07/2020 | E82: M3XKM | F82: 5059.28 | G82: 2.27 | H82: 17.57 | I82: 2.67 | J82: 13508.28
A83: 1.2.5 | B83: PAVIMENTAÇÃO | J83: 105028
A84: 1.2.5.1 | B84: 100576 | C84: SINAPI | D84: REGULARIZAÇÃO E COMPACTAÇÃO DE SUBLEITO DE SOLO PREDOMINANTEMENTE ARGILOSO. AF_11/2019 | E84: M2 | F84: 1202.25 | G84: 2.79 | H84: 17.57 | I84: 3.28 | J84: 3943.38
A85: 1.2.5.2 | B85: COMP-47176600 | C85: Composições Próprias | D85: EXEC. DE ATERRO COM AREIA COM ADENSAMENTO HIDRAULICO | E85: M³ | F85: 146.54 | G85: 104.33 | H85: 17.57 | I85: 122.66 | J85: 17974.6
A86: 1.2.5.3 | B86: COMP-28881239 | C86: Composições Próprias | D86: Base ou sub-base de macadame hidráulico com brita comercial - EXCLUSIVE MATERIAL, CARGA E TRANSPORTE - NÃO DESONERADO | E86: m³ | F86: 211.14 | G86: 11.4 | H86: 17.57 | I86: 13.4 | J86: 2829.28
A87: 1.2.5.4 | B87: CP-96396-26507981 | C87: Composições Próprias | D87: EXECUÇÃO E COMPACTAÇÃO DE BASE E OU SUB BASE PARA PAVIMENTAÇÃO DE BRITA GRADUADA SIMPLES - EXCLUSIVE MATERIAL, CARGA E TRANSPORTE | E87: M3 | F87: 186.19 | G87: 14.44 | H87: 17.57 | I87: 16.98 | J87: 3161.51
A88: 1.2.5.5 | B88: COMP-35145154 | C88: Composições Próprias | D88: CARGA E DESCARGA MECANICA DE SOLO UTILIZANDO CAMINHAO BASCULANTE 14,0M3/36T E PA CARREGADEIRA SOBRE PNEUS 128 HP, CAPACIDADE DA CAÇAMBA 1,7 A 2,8 M3, PESO OPERACIONAL 11632 KH | E88: M³ | F88: 496.66 | G88: 2.9 | H88: 17.57 | I88: 3.41 | J88: 1693.61
A89: 1.2.5.6 | B89: COMP-83526730 | C89: Composições Próprias | D89: TRANSPORTE COMERCIAL DE BRITA | E89: M³XKM | F89: 5512.93 | G89: 1.37 | H89: 17.57 | I89: 1.61 | J89: 8875.82
A90: 1.2.5.7 | B90: CP-92399-27762594 | C90: Composições Próprias | D90: EXECUÇÃO DE VIA EM PISO INTERTRAVADO, COM BLOCO RETANGULAR COR NATURAL/COLORIDO DE 20 X 10 CM, ESPESSURA 8 CM - (SEM O MATERIAL BLOQUETE/PISO INTERTRAVADO) | E90: M2 | F90: 616.1 | G90: 20.41 | H90: 17.57 | I90: 24 | J90: 14786.4
A91: 1.2.5.8 | B91: COMP-62038505 | C91: Composições Próprias | D91: EXECUÇÃO DE IMPRIMAÇÃO COM ASFALTO DILUÍDO CM-30 - SERVIÇO UTILIZADO NOS LOTES | E91: M2 | F91: 403.64 | G91: 7.62 | H91: 17.57 | I91: 8.96 | J91: 3616.61
A92: 1.2.5.9 | B92: CP-95995-51339760 | C92: Composições Próprias | D92: EXECUÇÃO DE PAVIMENTO COM APLICAÇÃO DE CONCRETO ASFÁLTICO, CAMADA DE ROLAMENTO - EXCLUSIVE CARGA E TRANSPORTE E CONCRETO BETUMINOSO | E92: M3 | F92: 20.18 | G92: 133.37 | H92: 17.57 | I92: 156.8 | J92: 3164.22
A93: 1.2.5.10 | B93: COMP-10034101 | C93: Composições Próprias | D93: CARGA, MANOBRAS E DESCARGA DE MISTURA BETUMINOSA A QUENTE, COM CAMINHAO BASCULANTE 6 M3, DESCARGA EM VIBRO-ACABADORA | E93: M³ | F93: 20.18 | G93: 7.86 | H93: 17.57 | I93: 9.24 | J93: 186.46
A94: 1.2.5.11 | B94: CP-95303-56931542 | C94: Composições Próprias | D94: TRANSPORTE COM CAMINHÃO BASCULANTE 10 M3 DE MASSA ASFALTICA PARA PAVIMENTAÇÃO URBANA | E94: M3XKM | F94: 308.75 | G94: 1.77 | H94: 17.57 | I94: 2.08 | J94: 642.2
A95: 1.2.5.12 | B95: CP-97084-89637704 | C95: Composições Próprias | D95: REGULARIZACAO E COMPACTAÇÃO MANUAL DE TERRENO COM PLACA VIBRATÓRIA | E95: M2 | F95: 481.72 | G95: 0.65 | H95: 17.57 | I95: 0.76 | J95: 366.11
... A103: 1.2.5.20 | B103: 98504 | C103: SINAPI | D103: PLANTIO DE GRAMA BATATAIS EM PLACAS. AF_05/2018 | E103: M2 | F103: 20 | G103: 13.8 | H103: 17.57 | I103: 16.22 | J103: 324.4
A104: 1.2.6 | B104: DRENAGEM | J104: 7441.58
A105: 1.2.6.1 | B105: 93358 | C105: SINAPI | D105: ESCAVAÇÃO MANUAL DE VALA COM PROFUNDIDADE MENOR OU IGUAL A 1,30 M. AF_02/2021 | E105: M3 | F105: 3.42 | G105: 78.32 | H105: 17.57 | I105: 92.08 | J105: 314.91
A106: 1.2.6.2 | B106: 94971 | C106: SINAPI | D106: CONCRETO FCK = 25MPA, TRAÇO 1:2,3:2,7 (EM MASSA SECA DE CIMENTO/ AREIA MÉDIA/ BRITA 1) - PREPARO MECÂNICO COM BETONEIRA 600 L. AF_05/2021 | E106: M3 | F106: 3.42 | G106: 472.74 | H106: 17.57 | I106: 555.8 | J106: 1900.84
A107: 1.2.6.3 | B107: CP-S03639-45770834 | C107: Composições Próprias | D107: Fornecimento e instalação de tela aço soldada nervurada CA-60, Q-283, malha 10x10cm, ferro 6.02mm (4,48 kg/m2), painel 2,45x6,0m, Telcon ou similar | E107: m2 | F107: 42.76 | G107: 65.25 | H107: 17.57 | I107: 76.71 | J107: 3280.12
A108: 1.2.6.4 | B108: 94974 | C108: SINAPI | D108: CONCRETO MAGRO PARA LASTRO, TRAÇO 1:4,5:4,5 (EM MASSA SECA DE CIMENTO/ AREIA MÉDIA/ BRITA 1) - PREPARO MANUAL. AF_05/2021 | E108: M3 | F108: 2.14 | G108: 436.13 | H108: 17.57 | I108: 512.76 | J108: 1097.31
A109: 1.2.6.5 | B109: CP-74157/004-48264518 | C109: Composições Próprias | D109: LANCAMENTO/APLICACAO MANUAL DE CONCRETO EM FUNDACOES (concreto magro) | E109: M3 | F109: 5.56 | G109: 129.79 | H109: 17.57 | I109: 152.59 | J109: 848.4
A110: 1.2.7 | B110: SINALIZAÇÃO | J110: 5381.98
A111: 1.2.7.1 | B111: 5213421 | C111: SICRO NOVO | D111: Confecção de placa em aço nº 16 galvanizado, com película tipo I + IV | E111: m² | F111: 3.1 | G111: 347.25 | H111: 17.57 | I111: 408.26 | J111: 1265.61
A112: 1.2.7.2 | B112: 5216111 | C112: SICRO NOVO | D112: FORNECIMENTO E IMPLANTAÇÃO DE SUPORTE E TRAVESSA PARA PLACA DE SINALIZAÇÃO EM MADEIRA DE LEI TRATADA 8 X 8 CM | E112: un | F112: 6 | G112: 121.48 | H112: 17.57 | I112: 142.82 | J112: 856.92
A113: 1.2.7.3 | B113: COMP-58084869 | C113: Composições Próprias | D113: PLACA ESMALTADA PARA IDENTIFICAÇÃO NR DE RUA, DIMENSÕES 45X25CM | E113: UND | F113: 4 | G113: 156.33 | H113: 17.57 | I113: 183.8 | J113: 735.2
...

Sheet Memória de Cálculo
A1: PREFEITURA MUNICIPAL DO JABOATÃO DOS GUARARAPES
A2: SECRETARIA DE INFRAESTRUTURA - SEINFRA.
A3: SECRETARIA EXECUTIVA DE OBRAS
A5: MEMÓRIA DE CÁLCULO
A6: ='[3]Planilha Orçamentária'!A6:K6 -> Objeto: PAVIMENTAÇÃO, DRENAGEM E ADEQUAÇÃO DE VIAS EM DIVERSOS BAIRROS
A7: Local: Jaboatão dos Guararapes
A8: Município: Jaboatão dos Guararapes/PE | J8: {='[3]Planilha Orçamentária'!A8:F8} -> Data: SETEMBRO/2022 | K8: 0 | L8: 0 | M8: 0 | N8: 0 | O8: 0
A9: Item | B9: Código | C9: Descrição | D9: Und | E9: Taxa | F9: Comp. | G9: Larg. | H9: Alt. | I9: QTDE | J9: Total
A10: ='[3]Planilha Orçamentária'!A13 -> 1.1 | B10: =VLOOKUP(A10,'[3]Planilha Orçamentária'!A:K,3,0) -> RUA MANOEL BENÍCIO - PIEDADE
A11: ='[3]Planilha Orçamentária'!A14 -> 1.1.1 | C11: =VLOOKUP(A11,'[3]Planilha Orçamentária'!A:K,3,0) -> INSTALAÇÕES PROVISÓRIAS
A13: ='[3]Planilha Orçamentária'!A15 -> 1.1.1.1 | B13: =VLOOKUP(A13,'[3]Planilha Orçamentária'!A:K,2,0) -> CP-74209/001-15055090 | C13: =VLOOKUP(A13,'[3]Planilha Orçamentária'!A:K,3,0) -> PLACA DE OBRA EM CHAPA DE ACO GALVANIZADO | D13: =VLOOKUP(A13,'[3]Planilha Orçamentária'!A:K,4,0) -> M2 | J13: =ROUND(SUM(J15:J15),2) -> 8
F14: COMPRIMENTO | G14: LARGURA | I14: QUANTIDADE DE PLACAS
F15: 2 | G15: 4 | I15: 1 | J15: =ROUND(PRODUCT(E15:I15),2) -> 8
A17: ='[3]Planilha Orçamentária'!A16 -> 1.1.1.2 | B17: =VLOOKUP(A17,'[3]Planilha Orçamentária'!A:K,2,0) -> COMP-07440249 | C17: =VLOOKUP(A17,'[3]Planilha Orçamentária'!A:K,3,0) -> BANHEIRO QUÍMICO, COM LOCAÇÃO, TRANSPORTE E LIMPEZA | D17: =VLOOKUP(A17,'[3]Planilha Orçamentária'!A:K,4,0) -> MÊS | J17: =ROUND(SUM(J19:J19),2) -> 3
I18: QUANTIDADE DE MESES
I19: 3 | J19: =ROUND(PRODUCT(E19:I19),2) -> 3
A21: ='[3]Planilha Orçamentária'!A17 -> 1.1.2 | C21: =VLOOKUP(A21,'[3]Planilha Orçamentária'!A:K,3,0) -> ADMINISTRAÇÃO LOCAL
A22: ='[3]Planilha Orçamentária'!A18 -> 1.1.2.1 | B22: =VLOOKUP(A22,'[3]Planilha Orçamentária'!A:K,2,0) -> 93565 | C22: =VLOOKUP(A22,'[3]Planilha Orçamentária'!A:K,3,0) -> ENGENHEIRO CIVIL DE OBRA JUNIOR COM ENCARGOS COMPLEMENTARES | D22: =VLOOKUP(A22,'[3]Planilha Orçamentária'!A:K,4,0) -> MES | J22: =ROUND(SUM(J25),2) -> 0.75
C23: 3 meses de obra com 22 dias trabalhados e 2h por dia
C24: 2 x 22 dias = 44 horas no mês
C25: 1 mês tem 22 dias x 8 horas = 176 horas | E25: =44/176 -> 0.25 | I25: =I19 -> 3 | J25: =ROUND(PRODUCT(E25:I25),2) -> 0.75
A27: ='[3]Planilha Orçamentária'!A19 -> 1.1.2.2 | B27: =VLOOKUP(A27,'[3]Planilha Orçamentária'!A:K,2,0) -> 93572 | C27: =VLOOKUP(A27,'[3]Planilha Orçamentária'!A:K,3,0) -> ENCARREGADO GERAL DE OBRAS COM ENCARGOS COMPLEMENTARES | D27: =VLOOKUP(A27,'[3]Planilha Orçamentária'!A:K,4,0) -> MES | J27: =ROUND(SUM(J30),2) -> 1.5
C28: 3 meses de obra com 22 dias trabalhados e 4h por dia
C29: 4 horas x 22 dias = 88 horas no mês
C30: 1 mês tem 22 dias x 8 horas = 176 horas | E30: =88/176 -> 0.5 | I30: =I19 -> 3 | J30: =ROUND(PRODUCT(E30:I30),2) -> 1.5
A32: ='[3]Planilha Orçamentária'!A20 -> 1.1.3 | C32: =VLOOKUP(A32,'[3]Planilha Orçamentária'!A:K,3,0) -> SERVIÇOS PRELIMINARES
A33: ='[3]Planilha Orçamentária'!A21 -> 1.1.3.1 | B33: =VLOOKUP(A33,'[3]Planilha Orçamentária'!A:K,2,0) -> 99064 | C33: =VLOOKUP(A33,'[3]Planilha Orçamentária'!A:K,3,0) -> LOCAÇÃO DE PAVIMENTAÇÃO. AF_10/2018 | D33: =VLOOKUP(A33,'[3]Planilha Orçamentária'!A:K,4,0) -> M | J33: =ROUND(SUM(J35:J37),2) -> 388.6
F34: COMPRIMENTO
C35: E0+ 5,33 A E6 + 12,12 | F35: =[3]PARÂMETROS!B9 -> 126.79 | J35: =ROUND(PRODUCT(E35:I35),2) -> 126.79
C36: E8+ 5,23 A E13 + 10,17 | F36: =[3]PARÂMETROS!B10 -> 104.94 | J36: =ROUND(PRODUCT(E36:I36),2) -> 104.94
C37: E14 + 16,62 A E22 + 13,49 | F37: =[3]PARÂMETROS!B11 -> 156.87 | J37: =ROUND(PRODUCT(E37:I37),2) -> 156.87
A39: ='[3]Planilha Orçamentária'!A22 -> 1.1.3.2 | B39: =VLOOKUP(A39,'[3]Planilha Orçamentária'!A:K,2,0) -> COMP-17562084 | C39: =VLOOKUP(A39,'[3]Planilha Orçamentária'!A:K,3,0) -> DEMOLIÇÃO MANUAL DE CONCRETO SIMPLES | D39: =VLOOKUP(A39,'[3]Planilha Orçamentária'!A:K,4,0) -> M3 | J39: =ROUND(SUM(J41),2) -> 57.82
C40: PROJETO: DEM_PLA_R MANOEL BENÍCIO_R00 | H40: ESPESSURA | I40: ÁREA
C41: Passeio à demolir (quantidade de acordo com o quadro de especificações) | H41: 0.07 | I41: 825.95 | J41: =ROUND(PRODUCT(E41:I41),2) -> 57.82
A43: ='[3]Planilha Orçamentária'!A23 -> 1.1.3.3 | B43: =VLOOKUP(A43,'[3]Planilha Orçamentária'!A:K,2,0) -> COMP-01471766 | C43: =VLOOKUP(A43,'[3]Planilha Orçamentária'!A:K,3,0) -> DEMOLIÇÃO DE MEIO-FIO | D43: =VLOOKUP(A43,'[3]Planilha Orçamentária'!A:K,4,0) -> M | J43: =ROUND(SUM(J45),2) -> 52.82
C44: PROJETO: DEM_PLA_R MANOEL BENÍCIO_R00 | F44: COMPRIMENTO
C45: Passeio à demolir (quantidade de acordo com o quadro de especificações) | F45: 52.82 | J45: =ROUND(PRODUCT(E45:I45),2) -> 52.82
A47: ='[3]Planilha Orçamentária'!A24 -> 1.1.3.4 | B47: =VLOOKUP(A47,'[3]Planilha Orçamentária'!A:K,2,0) -> COMP-35145154 | C47: =VLOOKUP(A47,'[3]Planilha Orçamentária'!A:K,3,0) -> CARGA E DESCARGA MECANICA DE SOLO UTILIZANDO CAMINHAO BASCULANTE 14,0M3/36T E PA CARREGADEIRA SOBRE PNEUS 128 HP, CAPACIDADE DA CAÇAMBA 1,7 A 2,8 M3, PESO OPERACIONAL 11632 KH | D47: =VLOOKUP(A47,'[3]Planilha Orçamentária'!A:K,4,0) -> M3 | J47: =ROUND(SUM(J49:J51),2) -> 75.25
E48: EMPOLAMENTO | I48: VOLUME
C49: Passeio - Volume a ser demolido x empolamento | E49: 1.25 | I49: =J39 -> 57.82 | J49: =ROUND(PRODUCT(E49:I49),2) -> 72.28
E50: EMPOLAMENTO | F50: COMPRIMENTO | G50: LARGURA | H50: ESPESSURA
C51: Meio-fio - Volume a ser demolido x empolamento | E51: 1.25 | F51: =J43 -> 52.82 | G51: 0.15 | H51: 0.3 | J51: =ROUND(PRODUCT(E51:I51),2) -> 2.97
A53: ='[3]Planilha Orçamentária'!A25 -> 1.1.3.5 | B53: =VLOOKUP(A53,'[3]Planilha Orçamentária'!A:K,2,0) -> 95876 | C53: =VLOOKUP(A53,'[3]Planilha Orçamentária'!A:K,3,0) -> TRANSPORTE COM CAMINHÃO BASCULANTE DE 14 M³, EM VIA URBANA PAVIMENTADA, DMT ATÉ 30 KM (UNIDADE: M3XKM). AF_07/2020 | D53: =VLOOKUP(A53,'[3]Planilha Orçamentária'!A:K,4,0) -> M3XKM | J53: =ROUND(SUM(J55),2) -> 173.08
C54: dmt - rua manoel benicio - prefeitura sede | E54: DMT | I54: VOLUME
C55: V = Volume de carga x DMT (2,30Km) | E55: 2.3 | I55: =J47 -> 75.25 | J55: =ROUND(PRODUCT(E55:I55),2) -> 173.08
A57: ='[3]Planilha Orçamentária'!A26 -> 1.1.4 | C57: =VLOOKUP(A57,'[3]Planilha Orçamentária'!A:K,3,0) -> TERRAPLANAGEM
A58: ='[3]Planilha Orçamentária'!A27 -> 1.1.4.1 | B58: =VLOOKUP(A58,'[3]Planilha Orçamentária'!A:K,2,0) -> CP-74205/001-17324935 | C58: =VLOOKUP(A58,'[3]Planilha Orçamentária'!A:K,3,0) -> ESCAVAÇÃO MECÂNICA DE MATERIAL 1A. CATEGORIA, PROVENIENTE DE CORTE DE SUBLEITO (C/TRATOR ESTEIRAS 160HP) | D58: =VLOOKUP(A58,'[3]Planilha Orçamentária'!A:K,4,0) -> M3 | J58: =ROUND(SUM(J60:J60),2) -> 2476.6
C59: Projeto: TER_ST_MC_NS_R MANOEL BENÍCIO | I59: VOLUME
C60: Mapa de Cubagem | I60: =[3]PARÂMETROS!G13 -> 2476.6 | J60: =ROUND(PRODUCT(E60:I60),2) -> 2476.6
A62: ='[3]Planilha Orçamentária'!A28 -> 1.1.4.2 | B62: =VLOOKUP(A62,'[3]Planilha Orçamentária'!A:K,2,0) -> COMP-35145154 | C62: =VLOOKUP(A62,'[3]Planilha Orçamentária'!A:K,3,0) -> CARGA E DESCARGA MECANICA DE SOLO UTILIZANDO CAMINHAO BASCULANTE 14,0M3/36T E PA CARREGADEIRA SOBRE PNEUS 128 HP, CAPACIDADE DA CAÇAMBA 1,7 A 2,8 M3, PESO OPERACIONAL 11632 KH | D62: =VLOOKUP(A62,'[3]Planilha Orçamentária'!A:K,4,0) -> M3 | J62: =ROUND(SUM(J65:J65),2) -> 3095.75
C63: Projeto: TER_ST_MC_NS_R MANOEL BENÍCIO
C64: Volume de carga e descarga = Volume escavado | E64: EMPOLAMENTO | I64: VOLUME
C65: V = Volume de carga e descarga x 1,25 (empolamento) | E65: 1.25 | I65: =[3]PARÂMETROS!G14 -> 2476.6 | J65: =ROUND(PRODUCT(E65:I65),2) -> 3095.75
A67: ='[3]Planilha Orçamentária'!A29 -> 1.1.4.3 | B67: =VLOOKUP(A67,'[3]Planilha Orçamentária'!A:K,2,0) -> 95876 | C67: =VLOOKUP(A67,'[3]Planilha Orçamentária'!A:K,3,0) -> TRANSPORTE COM CAMINHÃO BASCULANTE DE 14 M³, EM VIA URBANA PAVIMENTADA, DMT ATÉ 30 KM (UNIDADE: M3XKM). AF_07/2020 | D67: =VLOOKUP(A67,'[3]Planilha Orçamentária'!A:K,4,0) -> M3XKM | J67: =ROUND(SUM(J70:J70),2) -> 7120.23
C68: Projeto: TER_ST_MC_NS_R MANOEL BENÍCIO
C69: dmt - rua manoel benicio - prefeitura sede | E69: DMT | I69: VOLUME
C70: V = Volume de carga x DMT (2,30Km) | E70: 2.3 | I70: =J62 -> 3095.75 | J70: =ROUND(PRODUCT(E70:I70),2) -> 7120.23
A72: ='[3]Planilha Orçamentária'!A30 -> 1.1.5 | C72: =VLOOKUP(A72,'[3]Planilha Orçamentária'!A:K,3,0) -> PAVIMENTAÇÃO
A73: ='[3]Planilha Orçamentária'!A31 -> 1.1.5.1 | B73: =VLOOKUP(A73,'[3]Planilha Orçamentária'!A:K,2,0) -> 100576 | C73: =VLOOKUP(A73,'[3]Planilha Orçamentária'!A:K,3,0) -> REGULARIZAÇÃO E COMPACTAÇÃO DE SUBLEITO DE SOLO PREDOMINANTEMENTE ARGILOSO. AF_11/2019 | D73: =VLOOKUP(A73,'[3]Planilha Orçamentária'!A:K,4,0) -> M2 | J73: =ROUND(SUM(J76:J79),2) -> 2732.83
C74: Projeto: GEO_PLA_DET_R MANOEL BENÍCIO_R00
C75: E21 + 2,84 A E22 + 13,49 | I75: ÁREA
C76: ÁREA DE INTERTRAVADO NA COR NATURAL | I76: 176.22 | J76: =ROUND(PRODUCT(E76:I76),2) -> 176.22
C77: ÁREA DE INTERTRAVADO NA COR VERMELHA | I77: 50.89 | J77: =ROUND(PRODUCT(E77:I77),2) -> 50.89
C78: E0+ 5,53 A E6 + 12,12 / E8+ 5,23 A E13 + 10,17 / E14 + 16,62 A E21 + 2,84 | F78: COMPRIMENTO | G78: LARGURA
C79: Área Regularizada = Extensão da via x (Largura média da via + 1,00m) | F79: =((5*20)+(20-5.32)+(12.12))+((20-5.23)+(4*20)+(10.17))+((20-16.62)+(6*20)+(2.84)) -> 357.96 | G79: =6+1 -> 7 | J79: =ROUND(PRODUCT(E79:I79),2) -> 2505.72
A81: ='[3]Planilha Orçamentária'!A32 -> 1.1.5.2 | B81: =VLOOKUP(A81,'[3]Planilha Orçamentária'!A:K,2,0) -> COMP-47176600 | C81: =VLOOKUP(A81,'[3]Planilha Orçamentária'!A:K,3,0) -> EXEC. DE ATERRO COM AREIA COM ADENSAMENTO HIDRAULICO | D81: =VLOOKUP(A81,'[3]Planilha Orçamentária'!A:K,4,0) -> M3 | J81: =ROUND(SUM(J83:J84),2) -> 1002.29
C82: Projeto: GEO_PLA_DET_R MANOEL BENÍCIO_R00
C83: E0+ 5,53 A E6 + 12,12 / E8+ 5,23 A E13 + 10,17 / E14 + 16,62 A E21 + 2,84 | F83: COMPRIMENTO | G83: LARGURA | H83: ESPESSURA
C84: Volume = Área Regularizada comprimento x largura x Espessura (0,40 m) | F84: =F79 -> 357.96 | G84: =6+0.5+0.5 -> 7 | H84: 0.4 | J84: =ROUND(PRODUCT(E84:I84),2) -> 1002.29
A86: ='[3]Planilha Orçamentária'!A33 -> 1.1.5.3 | B86: =VLOOKUP(A86,'[3]Planilha Orçamentária'!A:K,2,0) -> COMP-28881239 | C86: =VLOOKUP(A86,'[3]Planilha Orçamentária'!A:K,3,0) -> Base ou sub-base de macadame hidráulico com brita comercial - EXCLUSIVE MATERIAL, CARGA E TRANSPORTE - NÃO DESONERADO | D86: =VLOOKUP(A86,'[3]Planilha Orçamentária'!A:K,4,0) -> M3 | J86: =ROUND(SUM(J89:J92),2) -> 421.28
C87: Projeto: GEO_PLA_DET_R MANOEL BENÍCIO_R00
C88: E21 + 2,84 A E22 + 13,49 | H88: ESPESSURA | I88: ÁREA
C89: ÁREA DE INTERTRAVADO NA COR NATURAL | H89: 0.2 | I89: =J76 -> 176.22 | J89: =ROUND(PRODUCT(E89:I89),2) -> 35.24
C90: ÁREA DE INTERTRAVADO NA COR VERMELHA | H90: 0.2 | I90: =J77 -> 50.89 | J90: =ROUND(PRODUCT(E90:I90),2) -> 10.18
C91: E0+ 5,53 A E6 + 12,12 / E8+ 5,23 A E13 + 10,17 / E14 + 16,62 A E21 + 2,84 | F91: COMPRIMENTO | G91: LARGURA | H91: ESPESSURA
C92: Volume = Área Regularizada comprimento x largura x Espessura (0,15 m) | F92: =F79 -> 357.96 | G92: =6+0.5+0.5 -> 7 | H92: 0.15 | J92: =ROUND(PRODUCT(E92:I92),2) -> 375.86
A94: ='[3]Planilha Orçamentária'!A34 -> 1.1.5.4 | B94: =VLOOKUP(A94,'[3]Planilha Orçamentária'!A:K,2,0) -> CP-96396-26507981 | C94: =VLOOKUP(A94,'[3]Planilha Orçamentária'!A:K,3,0) -> EXECUÇÃO E COMPACTAÇÃO DE BASE E OU SUB BASE PARA PAVIMENTAÇÃO DE BRITA GRADUADA SIMPLES - EXCLUSIVE MATERIAL, CARGA E TRANSPORTE | D94: =VLOOKUP(A94,'[3]Planilha Orçamentária'!A:K,4,0) -> M3 | J94: =ROUND(SUM(J97:J100),2) -> 474.97
C95: Projeto: GEO_PLA_DET_R MANOEL BENÍCIO_R00
C96: E21 + 2,84 A E22 + 13,49 | H96: ESPESSURA | I96: ÁREA
C97: ÁREA DE INTERTRAVADO NA COR NATURAL | H97: 0.2 | I97: =I76 -> 176.22 | J97: =ROUND(PRODUCT(E97:I97),2) -> 35.24
C98: ÁREA DE INTERTRAVADO NA COR VERMELHA | H98: 0.2 | I98: =I77 -> 50.89 | J98: =ROUND(PRODUCT(E98:I98),2) -> 10.18
C99: E0+ 5,53 A E6 + 12,12 / E8+ 5,23 A E13 + 10,17 / E14 + 16,62 A E21 + 2,84 | F99: COMPRIMENTO | G99: LARGURA | H99: ESPESSURA
C100: Volume = Área Regularizada comprimento x largura x Espessura (0,15 m) | F100: =F92 -> 357.96 | G100: 6 | H100: 0.2 | J100: =ROUND(PRODUCT(E100:I100),2) -> 429.55
A102: ='[3]Planilha Orçamentária'!A35 -> 1.1.5.5 | B102: =VLOOKUP(A102,'[3]Planilha Orçamentária'!A:K,2,0) -> COMP-35145154 | C102: =VLOOKUP(A102,'[3]Planilha Orçamentária'!A:K,3,0) -> CARGA E DESCARGA MECANICA DE SOLO UTILIZANDO CAMINHAO BASCULANTE 14,0M3/36T E PA CARREGADEIRA SOBRE PNEUS 128 HP, CAPACIDADE DA CAÇAMBA 1,7 A 2,8 M3, PESO OPERACIONAL 11632 KH | D102: =VLOOKUP(A102,'[3]Planilha Orçamentária'!A:K,4,0) -> M3 | J102: =ROUND(SUM(J103:J104),2) -> 1120.31
E103: EMPOLAMENTO | I103: VOLUME DE BASE DE BRITA + MACADAME
C104: Base em Brita Graduada X Empolamento (1,25) | E104: 1.25 | I104: =J94+J86 -> 896.25 | J104: =ROUND(PRODUCT(E104:I104),2) -> 1120.31
A106: ='[3]Planilha Orçamentária'!A36 -> 1.1.5.6 | B106: =VLOOKUP(A106,'[3]Planilha Orçamentária'!A:K,2,0) -> COMP-83526730 | C106: =VLOOKUP(A106,'[3]Planilha Orçamentária'!A:K,3,0) -> TRANSPORTE COMERCIAL DE BRITA | D106: =VLOOKUP(A106,'[3]Planilha Orçamentária'!A:K,4,0) -> M3XKM | J106: =ROUND(SUM(J107:J108),2) -> 9634.67
C107: DMT - pedreira guarany - rua manoel benicio | E107: DMT | I107: VOLUME DE CARGA
C108: Carga X DMT (8,6Km) | E108: 8.6 | I108: =J102 -> 1120.31 | J108: =ROUND(PRODUCT(E108:I108),2) -> 9634.67
A110: ='[3]Planilha Orçamentária'!A37 -> 1.1.5.7 | B110: =VLOOKUP(A110,'[3]Planilha Orçamentária'!A:K,2,0) -> CP-92399-27762594 | C110: =VLOOKUP(A110,'[3]Planilha Orçamentária'!A:K,3,0) -> EXECUÇÃO DE VIA EM PISO INTERTRAVADO, COM BLOCO RETANGULAR COR NATURAL/COLORIDO DE 20 X 10 CM, ESPESSURA 8 CM - (SEM O MATERIAL BLOQUETE/PISO INTERTRAVADO) | D110: =VLOOKUP(A110,'[3]Planilha Orçamentária'!A:K,4,0) -> M2 | J110: =ROUND(SUM(J111:J113),2) -> 227.11
C111: Projeto: GEO_PLA_DET_R MANOEL BENÍCIO_R00 | I111: ÁREA
C112: Área da Via em Bloco Intertravado na cor natural (De acordo com o quadro de especificações) | I112: =[3]PARÂMETROS!F33 -> 176.22 | J112: =ROUND(PRODUCT(E112:I112),2) -> 176.22
C113: Área da Via em Bloco Intertravado na cor vermelho (De acordo com o quadro de especificações) | I113: =[3]PARÂMETROS!F34 -> 50.89 | J113: =ROUND(PRODUCT(E113:I113),2) -> 50.89
A115: ='[3]Planilha Orçamentária'!A38 -> 1.1.5.8 | B115: =VLOOKUP(A115,'[3]Planilha Orçamentária'!A:K,2,0) -> COMP-62038505 | C115: =VLOOKUP(A115,'[3]Planilha Orçamentária'!A:K,3,0) -> EXECUÇÃO DE IMPRIMAÇÃO COM ASFALTO DILUÍDO CM-30 - SERVIÇO UTILIZADO NOS LOTES | D115: =VLOOKUP(A115,'[3]Planilha Orçamentária'!A:K,4,0) -> M2 | J115: =ROUND(SUM(J116:J118),2) -> 1935.14
C116: Projeto: GEO_PLA_DET_R MANOEL BENÍCIO_R00
C117: Área do Pavimento (De acordo com o quadro de quantitativo) | I117: ÁREA
C118: Área do Pavimento de CBUQ | I118: =[3]PARÂMETROS!F23 -> 1935.14 | J118: =ROUND(PRODUCT(E118:I118),2) -> 1935.14
A120: ='[3]Planilha Orçamentária'!A39 -> 1.1.5.9 | B120: =VLOOKUP(A120,'[3]Planilha Orçamentária'!A:K,2,0) -> CP-95995-51339760 | C120: =VLOOKUP(A120,'[3]Planilha Orçamentária'!A:K,3,0) -> EXECUÇÃO DE PAVIMENTO COM APLICAÇÃO DE CONCRETO ASFÁLTICO, CAMADA DE ROLAMENTO - EXCLUSIVE CARGA E TRANSPORTE E CONCRETO BETUMINOSO | D120: =VLOOKUP(A120,'[3]Planilha Orçamentária'!A:K,4,0) -> M3 | J120: =ROUND(SUM(J121:J122),2) -> 96.76
C121: Projeto: GEO_PLA_DET_R MANOEL BENÍCIO_R00 | H121: ESPESSURA | I121: ÁREA
C122: Área da Imprimação X Espessura (0,05m) | H122: 0.05 | I122: =J115 -> 1935.14 | J122: =ROUND(PRODUCT(E122:I122),2) -> 96.76
...

Sheet COMPOSICOES PROPRIAS
A3: CP-74209/001-15055090 - PLACA DE OBRA EM CHAPA DE ACO GALVANIZADO (M2)
A4: Material | D4: FONTE | F4: UNID | G4: COEFICIENTE | H4: PREÇO UNITÁRIO | I4: TOTAL
A5: 00004813 | B5: PLACA DE OBRA (PARA CONSTRUCAO CIVIL) EM CHAPA GALVANIZADA *N. 22*, ADESIVADA, DE *2,4 X 1,2* M (SEM POSTES PARA FIXACAO) | D5: SINAPI | F5: M2 | G5: 1 | H5: 445 | I5: 445
A6: 00004491 | B6: PONTALETE *7,5 X 7,5* CM EM PINUS, MISTA OU EQUIVALENTE DA REGIAO - BRUTA | D6: SINAPI | F6: M | G6: 4 | H6: 10.85 | I6: 43.4
A7: 00005075 | B7: PREGO DE ACO POLIDO COM CABECA 18 X 30 (2 3/4 X 10) | D7: SINAPI | F7: KG | G7: 0.11 | H7: 23.4 | I7: 2.574
A8: 00004417 | B8: SARRAFO NAO APARELHADO *2,5 X 7* CM, EM MACARANDUBA, ANGELIM OU EQUIVALENTE DA REGIAO - BRUTA | D8: SINAPI | F8: M | G8: 1 | H8: 6.12 | I8: 6.12
G9: TOTAL Material: | I9: 497.09
A10: Mão de Obra com Encargos Complementares | D10: FONTE | F10: UNID | G10: COEFICIENTE | H10: PREÇO UNITÁRIO | I10: TOTAL
A11: 88262 | B11: CARPINTEIRO DE FORMAS COM ENCARGOS COMPLEMENTARES | D11: SINAPI | F11: H | G11: 1 | H11: 24.39 | I11: 24.39
A12: 88316 | B12: SERVENTE COM ENCARGOS COMPLEMENTARES | D12: SINAPI | F12: H | G12: 2 | H12: 19.8 | I12: 39.6
G13: TOTAL Mão de Obra com Encargos Complementares: | I13: 63.99
A14: Serviço | D14: FONTE | F14: UNID | G14: COEFICIENTE | H14: PREÇO UNITÁRIO | I14: TOTAL
A15: 94962 | B15: CONCRETO MAGRO PARA LASTRO, TRAÇO 1:4,5:4,5 (EM MASSA SECA DE CIMENTO/ AREIA MÉDIA/ BRITA 1) - PREPARO MECÂNICO COM BETONEIRA 400 L. AF_05/2021 | D15: SINAPI | F15: M3 | G15: 0.01 | H15: 390.79 | I15: 3.9079
G16: TOTAL Serviço: | I16: 3.91
A17: Observações: BASEADA NO SINAPI 74209/001 | G17: VALOR: | I17: 564.99
A19: COMP-07440249 - BANHEIRO QUÍMICO, COM LOCAÇÃO, TRANSPORTE E LIMPEZA (MÊS)
A20: Equipamento | D20: FONTE | F20: UNID | G20: COEFICIENTE | H20: PREÇO UNITÁRIO | I20: TOTAL
A21: INS-256943 | B21: BANHEIRO QUÍMICO, COM LOCAÇÃO, TRANSPORTE E LIMPEZA | D21: Composições | F21: MÊS | G21: 1 | H21: 700 | I21: 700
G22: TOTAL Equipamento: | I22: 700
A23: Observações: COTAÇÃO OBTIDA PARA LOCAÇÃO DO SERVIÇO DE BANHEIRO QUÍMICO PARA OBRA | G23: VALOR: | I23: 700
A26: COMP-17562084 - DEMOLIÇÃO MANUAL DE CONCRETO SIMPLES (M³)
A27: Mão de Obra com Encargos Complementares | D27: FONTE | F27: UNID | G27: COEFICIENTE | H27: PREÇO UNITÁRIO | I27: TOTAL
A28: 88309 | B28: PEDREIRO COM ENCARGOS COMPLEMENTARES | D28: SINAPI | F28: H | G28: 1.3 | H28: 24.66 | I28: 32.058
A29: 88316 | B29: SERVENTE COM ENCARGOS COMPLEMENTARES | D29: SINAPI | F29: H | G29: 9.1 | H29: 19.8 | I29: 180.18
G30: TOTAL Mão de Obra com Encargos Complementares: | I30: 212.24
A31: Observações: BASEADO 73616 Sinapi Novembro/2017 | G31: VALOR: | I31: 212.24
A33: COMP-01471766 - DEMOLIÇÃO DE MEIO-FIO (M)
A34: Mão de Obra com Encargos Complementares | D34: FONTE | F34: UNID | G34: COEFICIENTE | H34: PREÇO UNITÁRIO | I34: TOTAL
A35: 88309 | B35: PEDREIRO COM ENCARGOS COMPLEMENTARES | D35: SINAPI | F35: H | G35: 0.05 | H35: 24.66 | I35: 1.233
A36: 88316 | B36: SERVENTE COM ENCARGOS COMPLEMENTARES | D36: SINAPI | F36: H | G36: 0.5 | H36: 19.8 | I36: 9.9
G37: TOTAL Mão de Obra com Encargos Complementares: | I37: 11.13
A38: Observações: Baseado na composição 00021/ORSE Ago/2021 | G38: VALOR: | I38: 11.13
A40: COMP-35145154 - CARGA E DESCARGA MECANICA DE SOLO UTILIZANDO CAMINHAO BASCULANTE 14,0M3 E PA CARREGADEIRA SOBRE PNEUS 128 HP, CAPACIDADE DA CAÇAMBA 1,7 A 2,8 M3, PESO OPERACIONAL 11632 KG (M³)
A41: Equipamento Custo Horário | D41: FONTE | F41: UNID | G41: COEFICIENTE | H41: PREÇO UNITÁRIO | I41: TOTAL
A42: 89876 | B42: CAMINHÃO BASCULANTE 14 M3, COM CAVALO MECÂNICO DE CAPACIDADE MÁXIMA DE TRAÇÃO COMBINADO DE 36000 KG, POTÊNCIA 286 CV, INCLUSIVE SEMIREBOQUE COM CAÇAMBA METÁLICA - CHP DIURNO. AF_12/2014 | D42: SINAPI | F42: CHP | G42: 0.003 | H42: 354.67 | I42: 1.06401
A43: 5940 | B43: PÁ CARREGADEIRA SOBRE RODAS, POTÊNCIA LÍQUIDA 128 HP, CAPACIDADE DA CAÇAMBA 1,7 A 2,8 M3, PESO OPERACIONAL 11632 KG - CHP DIURNO. AF_06/2014 | D43: SINAPI | F43: CHP | G43: 0.008 | H43: 209.48 | I43: 1.67584
G44: TOTAL Equipamento Custo Horário: | I44: 2.74
A45: Mão de Obra com Encargos Complementares | D45: FONTE | F45: UNID | G45: COEFICIENTE | H45: PREÇO UNITÁRIO | I45: TOTAL
A46: 88316 | B46: SERVENTE COM ENCARGOS COMPLEMENTARES | D46: SINAPI | F46: H | G46: 0.008 | H46: 19.8 | I46: 0.1584
G47: TOTAL Mão de Obra com Encargos Complementares: | I47: 0.16
A48: Observações: Os consumos foram baseados no item 74010/1 | G48: VALOR: | I48: 2.9
A50: CP-74205/001-17324935 - ESCAVAÇÃO MECÂNICA DE MATERIAL 1A. CATEGORIA, PROVENIENTE DE CORTE DE SUBLEITO (C/TRATOR ESTEIRAS 160HP) (M3)
A51: Equipamento Custo Horário | D51: FONTE | F51: UNID | G51: COEFICIENTE | H51: PREÇO UNITÁRIO | I51: TOTAL
A52: 5847 | B52: TRATOR DE ESTEIRAS, POTÊNCIA 170 HP, PESO OPERACIONAL 19 T, CAÇAMBA 5,2 M3 - CHP DIURNO. AF_06/2014 | D52: SINAPI | F52: CHP | G52: 0.00794 | H52: 308.91 | I52: 2.4527454
G53: TOTAL Equipamento Custo Horário: | I53: 2.45
A54: Mão de Obra com Encargos Complementares | D54: FONTE | F54: UNID | G54: COEFICIENTE | H54: PREÇO UNITÁRIO | I54: TOTAL
A55: 88316 | B55: SERVENTE COM ENCARGOS COMPLEMENTARES | D55: SINAPI | F55: H | G55: 0.0069 | H55: 19.8 | I55: 0.13662
G56: TOTAL Mão de Obra com Encargos Complementares: | I56: 0.14
A57: Observações: BASEADO NO SINAPI 74205/001 | G57: VALOR: | I57: 2.59
A59: COMP-47176600 - ATERRO COM AREIA COM ADENSAMENTO HIDRAULICO (com caminhão pipa) (M³)
A60: Equipamento Custo Horário | D60: FONTE | F60: UNID | G60: COEFICIENTE | H60: PREÇO UNITÁRIO | I60: TOTAL
A61: 6259 | B61: CAMINHÃO PIPA 6.000 L, PESO BRUTO TOTAL 13.000 KG, DISTÂNCIA ENTRE EIXOS 4,80 M, POTÊNCIA 189 CV INCLUSIVE TANQUE DE AÇO PARA TRANSPORTE DE ÁGUA, CAPACIDADE 6 M3 - CHP DIURNO. AF_06/2014 | D61: SINAPI | F61: CHP | G61: 0.08 | H61: 296.32 | I61: 23.7056
A62: 5875 | B62: RETROESCAVADEIRA SOBRE RODAS COM CARREGADEIRA, TRAÇÃO 4X4, POTÊNCIA LÍQ. 72 HP, CAÇAMBA CARREG. CAP. MÍN. 0,79 M3, CAÇAMBA RETRO CAP. 0,18 M3, PESO OPERACIONAL MÍN. 7.140 KG, PROFUNDIDADE ESCAVAÇÃO MÁX. 4,50 M - CHP DIURNO. AF_06/2014 | D62: SINAPI | F62: CHP | G62: 0.04 | H62: 163.69 | I62: 6.5476
G63: TOTAL Equipamento Custo Horário: | I63: 30.26
A64: Material | D64: FONTE | F64: UNID | G64: COEFICIENTE | H64: PREÇO UNITÁRIO | I64: TOTAL
A65: 00000368 | B65: AREIA PARA ATERRO - POSTO JAZIDA/FORNECEDOR (RETIRADO NA JAZIDA, SEM TRANSPORTE) | D65: SINAPI | F65: M3 | G65: 1.05 | H65: 64.5 | I65: 67.725
G66: TOTAL Material: | I66: 67.73
A67: Mão de Obra com Encargos Complementares | D67: FONTE | F67: UNID | G67: COEFICIENTE | H67: PREÇO UNITÁRIO | I67: TOTAL
A68: 88316 | B68: SERVENTE COM ENCARGOS COMPLEMENTARES | D68: SINAPI | F68: H | G68: 0.32 | H68: 19.8 | I68: 6.336
G69: TOTAL Mão de Obra com Encargos Complementares: | I69: 6.34
A70: Observações: Baseado na composição 79482 Sinapi Novembro/2018 e preços Tabela Sinapi Novembro/2019 | G70: VALOR: | I70: 104.33
A73: COMP-28881239 - Base ou sub-base de macadame hidráulico com brita comercial - EXCLUSIVE MATERIAL, CARGA E TRANSPORTE - NÃO DESONERADO (m³)
A74: EQUIPAMENTOS | C74: QUANT | E74: UTILIZAÇÃO | G74: CUSTO OPERACIONAL | I74: CUSTO HORÁRIO
E75: PROD | F75: IMPR | G75: PROD | H75: IMPR
A76: E9571 | B76: Caminhão tanque com capacidade de 10.000 l - 188 kW | C76: 1 | E76: 0.76 | F76: 0.24 | G76: 346.7634 | H76: 81.1251 | I76: 283.01021
A77: E9514 | B77: Distribuidor de agregados sobre pneus autopropelido - 130 kW | C77: 1 | E77: 1 | F77: 0 | G77: 280.7372 | H77: 89.7703 | I77: 280.7372
A78: E9762 | B78: Rolo compactador de pneus autopropelido de 27 t - 85 kW | C78: 1 | E78: 0.88 | F78: 0.12 | G78: 229.6774 | H78: 103.4821 | I78: 214.53396
A79: E9530 | B79: Rolo compactador liso vibratório autopropelido por pneus de 11 t - 97 kW | C79: 1 | E79: 0.71 | F79: 0.29 | G79: 199.582 | H79: 71.4652 | I79: 162.42813
G80: TOTAL EQUIPAMENTOS: | I80: 940.7095
A81: MÃO DE OBRA | F81: UNID | G81: CONSUMO | H81: SALÁRIO HORA | I81: CUSTO HORÁRIO
A82: P9824 | B82: Servente | F82: h | G82: 1 | H82: 18.9478 | I82: 18.9478
G83: TOTAL MÃO DE OBRA: | I83: 18.95
G84: Custo Horário da Execução: | I84: 959.6595
G85: Produção da Equipe: | I85: 84.62
G86: Custo Unitário da Execução: | I86: 11.34
G87: Custo do FIC (0,00544): | I87: 0.0617
G88: Custo Direto Total: | I88: 11.4017
A89: Observações: BASEADO NO SICRO NOVO 4011282 - RETIRANDO INSUMOS, CARGA E TRANSPORTE | G89: VALOR: | I89: 11.4
A92: CP-96396-26507981 - EXECUÇÃO E COMPACTAÇÃO DE BASE E OU SUB BASE PARA PAVIMENTAÇÃO DE BRITA GRADUADA SIMPLES - EXCLUSIVE MATERIAL, CARGA E TRANSPORTE (M3)
A93: Equipamento Custo Horário | D93: FONTE | F93: UNID | G93: COEFICIENTE | H93: PREÇO UNITÁRIO | I93: TOTAL
A94: 5903 | B94: CAMINHÃO PIPA 10.000 L TRUCADO, PESO BRUTO TOTAL 23.000 KG, CARGA ÚTIL MÁXIMA 15.935 KG, DISTÂNCIA ENTRE EIXOS 4,8 M, POTÊNCIA 230 CV, INCLUSIVE TANQUE DE AÇO PARA TRANSPORTE DE ÁGUA - CHI DIURNO. AF_06/2014 | D94: SINAPI | F94: CHI | G94: 0.028 | H94: 69.29 | I94: 1.94012
A95: 5901 | B95: CAMINHÃO PIPA 10.000 L TRUCADO, PESO BRUTO TOTAL 23.000 KG, CARGA ÚTIL MÁXIMA 15.935 KG, DISTÂNCIA ENTRE EIXOS 4,8 M, POTÊNCIA 230 CV, INCLUSIVE TANQUE DE AÇO PARA TRANSPORTE DE ÁGUA - CHP DIURNO. AF_06/2014 | D95: SINAPI | F95: CHP | G95: 0.002 | H95: 365.18 | I95: 0.73036
A96: 5934 | B96: MOTONIVELADORA POTÊNCIA BÁSICA LÍQUIDA (PRIMEIRA MARCHA) 125 HP, PESO BRUTO 13032 KG, LARGURA DA LÂMINA DE 3,7 M - CHI DIURNO. AF_06/2014 | D96: SINAPI | F96: CHI | G96: 0.022 | H96: 105.01 | I96: 2.31022
A97: 5932 | B97: MOTONIVELADORA POTÊNCIA BÁSICA LÍQUIDA (PRIMEIRA MARCHA) 125 HP, PESO BRUTO 13032 KG, LARGURA DA LÂMINA DE 3,7 M - CHP DIURNO. AF_06/2014 | D97: SINAPI | F97: CHP | G97: 0.008 | H97: 298.69 | I97: 2.38952
A98: 96464 | B98: ROLO COMPACTADOR DE PNEUS, ESTATICO, PRESSAO VARIAVEL, POTENCIA 110 HP, PESO SEM/COM LASTRO 10,8/27 T, LARGURA DE ROLAGEM 2,30 M - CHI DIURNO. AF_06/2017 | D98: SINAPI | F98: CHI | G98: 0.026 | H98: 93.1 | I98: 2.4206
A99: 96463 | B99: ROLO COMPACTADOR DE PNEUS, ESTATICO, PRESSAO VARIAVEL, POTENCIA 110 HP, PESO SEM/COM LASTRO 10,8/27 T, LARGURA DE ROLAGEM 2,30 M - CHP DIURNO. AF_06/2017 | D99: SINAPI | F99: CHP | G99: 0.004 | H99: 236.64 | I99: 0.94656
A100: 5685 | B100: ROLO COMPACTADOR VIBRATÓRIO DE UM CILINDRO AÇO LISO, POTÊNCIA 80 HP, PESO OPERACIONAL MÁXIMO 8,1 T, IMPACTO DINÂMICO 16,15 / 9,5 T, LARGURA DE TRABALHO 1,68 M - CHI DIURNO. AF_06/2014 | D100: SINAPI | F100: CHI | G100: 0.021 | H100: 70.67 | I100: 1.48407
A101: 5684 | B101: ROLO COMPACTADOR VIBRATÓRIO DE UM CILINDRO AÇO LISO, POTÊNCIA 80 HP, PESO OPERACIONAL MÁXIMO 8,1 T, IMPACTO DINÂMICO 16,15 / 9,5 T, LARGURA DE TRABALHO 1,68 M - CHP DIURNO. AF_06/2014 | D101: SINAPI | F101: CHP | G101: 0.009 | H101: 181.02 | I101: 1.62918
G102: TOTAL Equipamento Custo Horário: | I102: 13.85
A103: Mão de Obra com Encargos Complementares | D103: FONTE | F103: UNID | G103: COEFICIENTE | H103: PREÇO UNITÁRIO | I103: TOTAL
A104: 88316 | B104: SERVENTE COM ENCARGOS COMPLEMENTARES | D104: SINAPI | F104: H | G104: 0.03 | H104: 19.8 | I104: 0.594
G105: TOTAL Mão de Obra com Encargos Complementares: | I105: 0.59
A106: Observações: BASEADA NO SINAPI 96396 - JULHO 2022 | G106: VALOR: | I106: 14.44
A108: COMP-83526730 - TRANSPORTE COMERCIAL DE BRITA (M³XKM)
A109: Equipamento Custo Horário | D109: FONTE | F109: UNID | G109: COEFICIENTE | H109: PREÇO UNITÁRIO | I109: TOTAL
A110: 91386 | B110: CAMINHÃO BASCULANTE 10 M3, TRUCADO CABINE SIMPLES, PESO BRUTO TOTAL 23.000 KG, CARGA ÚTIL MÁXIMA 15.935 KG, DISTÂNCIA ENTRE EIXOS 4,80 M, POTÊNCIA 230 CV INCLUSIVE CAÇAMBA METÁLICA - CHP DIURNO. AF_06/2014 | D110: SINAPI | F110: CHP | G110: 0.0046 | H110: 298.73 | I110: 1.374158
G111: TOTAL Equipamento Custo Horário: | I111: 1.37
A112: Observações: Baseado no 83356/SINAPI - AGO/20 | G112: VALOR: | I112: 1.37
A114: CP-92399-27762594 - EXECUÇÃO DE VIA EM PISO INTERTRAVADO, COM BLOCO RETANGULAR COR NATURAL/COLORIDO DE 20 X 10 CM, ESPESSURA 8 CM - (SEM O MATERIAL BLOQUETE/PISO INTERTRAVADO) (M2)
A115: Equipamento Custo Horário | D115: FONTE | F115: UNID | G115: COEFICIENTE | H115: PREÇO UNITÁRIO | I115: TOTAL
...

Sheet CURVA ABC SERVICOS
A3: CÓDIGO | B3: DESCRIÇÃO | C3: FONTE | D3: TIPO | E3: UNIDADE | F3: QUANTIDADE | G3: PREÇO UNITÁRIO | H3: PREÇO TOTAL | I3: % | J3: ACUMUL. % | K3: CL
A4: CP-92399-27762594 | B4: EXECUÇÃO DE VIA EM PISO INTERTRAVADO, COM BLOCO RETANGULAR COR NATURAL/COLORIDO DE 20 X 10 CM, ESPESSURA 8 CM - (SEM O MATERIAL BLOQUETE/PISO INTERTRAVADO) | C4: Composições | D4: Serviço | E4: M2 | F4: 21794.04 | G4: 24 | H4: 523056.96 | I4: =H4/$I$87 -> 0.15692505 | J4: =I4 -> 0.15692505 | K4: A
A5: 94273 | B5: ASSENTAMENTO DE GUIA (MEIO-FIO) EM TRECHO RETO, CONFECCIONADA EM CONCRETO PRÉ-FABRICADO, DIMENSÕES 100X15X13X30 CM (COMPRIMENTO X BASE INFERIOR X BASE SUPERIOR X ALTURA), PARA VIAS URBANAS (USO VIÁRIO). AF_06/2016 | C5: SINAPI | D5: Serviço | E5: M | F5: 7072.95 | G5: 66.39 | H5: 469573.15 | I5: =H5/$I$87 -> 0.14087909 | J5: =I5+J4 -> 0.29780413 | K5: A
A6: 95876 | B6: TRANSPORTE COM CAMINHÃO BASCULANTE DE 14 M³, EM VIA URBANA PAVIMENTADA, DMT ATÉ 30 KM (UNIDADE: M3XKM). AF_07/2020 | C6: SINAPI | D6: Serviço | E6: M3XKM | F6: 79968.18 | G6: 2.67 | H6: 213515.04 | I6: =H6/$I$87 -> 0.06405776 | J6: =I6+J5 -> 0.36186189 | K6: A
A7: 92771 | B7: ARMAÇÃO DE LAJE DE ESTRUTURA CONVENCIONAL DE CONCRETO ARMADO UTILIZANDO AÇO CA-50 DE 10,0 MM - MONTAGEM. AF_06/2022 | C7: SINAPI | D7: Serviço | E7: KG | F7: 10662.24 | G7: 17.8 | H7: 189787.87 | I7: =H7/$I$87 -> 0.056939249 | J7: =I7+J6 -> 0.41880114 | K7: A
A8: COMP-47176600 | B8: EXEC. DE ATERRO COM AREIA COM ADENSAMENTO HIDRAULICO | C8: Composições | D8: Serviço | E8: M³ | F8: 1148.83 | G8: 122.66 | H8: 140915.49 | I8: =H8/$I$87 -> 0.04227679 | J8: =I8+J7 -> 0.46107793 | K8: A
A9: COMP-83526730 | B9: TRANSPORTE COMERCIAL DE BRITA | C9: Composições | D9: Serviço | E9: M³XKM | F9: 74687.64 | G9: 1.61 | H9: 120247.1 | I9: =H9/$I$87 -> 0.036075959 | J9: =I9+J8 -> 0.49715389 | K9: A
A10: 94971 | B10: CONCRETO FCK = 25MPA, TRAÇO 1:2,3:2,7 (EM MASSA SECA DE CIMENTO/ AREIA MÉDIA/ BRITA 1) - PREPARO MECÂNICO COM BETONEIRA 600 L. AF_05/2021 | C10: SINAPI | D10: Serviço | E10: M3 | F10: 205.54 | G10: 555.8 | H10: 114239.13 | I10: =H10/$I$87 -> 0.034273477 | J10: =I10+J9 -> 0.53142737 | K10: A
A11: CP-97635-02989626 | B11: DEMOLIÇÃO DE CALÇADA E PAVIMENTOS DIVERSOS REGULARIZADO | C11: Composições | D11: Serviço | E11: M2 | F11: 5609.46 | G11: 16.91 | H11: 94855.969 | I11: =H11/$I$87 -> 0.028458234 | J11: =I11+J10 -> 0.5598856 | K11: A
A12: CP-95467-90315369 | B12: EMBASAMENTO C/PEDRA ARGAMASSADA UTILIZANDO ARG.CIM/AREIA 1:6 | C12: Composições | D12: Serviço | E12: M3 | F12: 151.18 | G12: 596.61 | H12: 90195.5 | I12: =H12/$I$87 -> 0.027060022 | J12: =I12+J11 -> 0.58694563 | K12: A
A13: 94287 | B13: EXECUÇÃO DE SARJETA DE CONCRETO USINADO, MOLDADA IN LOCO EM TRECHO RETO, 30 CM BASE X 10 CM ALTURA. AF_06/2016 | C13: SINAPI | D13: Serviço | E13: M | F13: 1882.97 | G13: 46.76 | H13: 88047.677 | I13: =H13/$I$87 -> 0.026415643 | J13: =I13+J12 -> 0.61336127 | K13: A
A14: 100576 | B14: REGULARIZAÇÃO E COMPACTAÇÃO DE SUBLEITO DE SOLO PREDOMINANTEMENTE ARGILOSO. AF_11/2019 | C14: SINAPI | D14: Serviço | E14: M2 | F14: 25119.65 | G14: 3.28 | H14: 82392.452 | I14: =H14/$I$87 -> 0.024718989 | J14: =I14+J13 -> 0.63808026 | K14: A
A15: COMP-35145154 | B15: CARGA E DESCARGA MECANICA DE SOLO UTILIZANDO CAMINHAO BASCULANTE 14,0M3/36T E PA CARREGADEIRA SOBRE PNEUS 128 HP, CAPACIDADE DA CAÇAMBA 1,7 A 2,8 M3, PESO OPERACIONAL 11632 KH | C15: Composições | D15: Serviço | E15: M³ | F15: 23373.34 | G15: 3.41 | H15: 79703.089 | I15: =H15/$I$87 -> 0.023912139 | J15: =I15+J14 -> 0.6619924 | K15: A
A16: 103320 | B16: ALVENARIA DE VEDAÇÃO DE BLOCOS VAZADOS DE CONCRETO DE 19X19X39 CM (ESPESSURA 19 CM) E ARGAMASSA DE ASSENTAMENTO COM PREPARO EM BETONEIRA. AF_12/2021 | C16: SINAPI | D16: Serviço | E16: M2 | F16: 615.06 | G16: 124.18 | H16: 76378.151 | I16: =H16/$I$87 -> 0.022914607 | J16: =I16+J15 -> 0.684907 | K16: A
... A85: CP-83729-53696259 | B85: FORNECIMENTO/INSTALACAO DE MANTA BIDIM RT-31 | C85: Composições | D85: Serviço | E85: M2 | F85: 4.73 | G85: 38.93 | H85: 184.1389 | I85: =H85/$I$87 -> 5.5244471e-05 | J85: =I85+J84 -> 1 | K85: B
G87: Valor total do Orçamento: | I87: =SUM(H4:H85) -> 3333164.3

Sheet CURVA ABC ADM
A1: PREFEITURA MUNICIPAL DO JABOATÃO DOS GUARARAPES
A2: SECRETARIA DE INFRAESTRUTURA - SEINFRA.
A3: SECRETARIA EXECUTIVA DE SERVIÇOS URBANOS E MANUTENÇÃO - SEMAN
A4: GERÊNCIA DE MANUTENÇÃO - GEMAN
A5: OBJETO: Pavimentação e Drenagem, Recapeamento, Contenção de Encostas, Adequação de vias, Ciclofaixa, Pontes e Travessias em desnivel, Demolição E Remoção de Pavimentos em diversos bairros - LOTE 1 - NÃO DESONERADO_R05
A6: MUNICÍPIO: Jaboatão dos Guararapes
A7: CURVA ABC - NÃO DESONERADA - ADM
A8: CÓDIGO | B8: DESCRIÇÃO | C8: FONTE | D8: TIPO | E8: UNIDADE | F8: QUANTIDADE | G8: PREÇO UNITÁRIO | H8: PREÇO TOTAL | I8: % | J8: ACUMUL. % | K8: CL
A9: 93572 | B9: ENCARREGADO GERAL DE OBRAS COM ENCARGOS COMPLEMENTARES | C9: SINAPI | D9: Mão de Obra com Encargos Complementares | E9: MES | F9: 17.76 | G9: 7844.27 | H9: 139314.24 | I9: =H9/$I$13 -> 0.58392841 | J9: =I9 -> 0.58392841 | K9: A
A10: 93565 | B10: ENGENHEIRO CIVIL DE OBRA JUNIOR COM ENCARGOS COMPLEMENTARES | C10: SINAPI | D10: Mão de Obra com Encargos Complementares | E10: MES | F10: 5.02 | G10: 19774.26 | H10: 99266.785 | I10: =H10/$I$13 -> 0.41607159 | J10: =I10+J9 -> 1 | K10: A
G13: Total até 100,00% | I13: =H9+H10 -> 238581.02

Sheet CURVA ABC INSUMOS
A3: CÓDIGO | B3: DESCRIÇÃO | C3: FONTE | D3: TIPO | E3: UNIDADE | F3: QUANTIDADE | G3: PREÇO UNITÁRIO | H3: PREÇO TOTAL | I3: % | J3: ACUMUL. % | K3: CL
A4: 00036170 | B4: BLOQUETE/PISO INTERTRAVADO DE CONCRETO - MODELO ONDA/16 FACES/RETANGULAR/TIJOLINHO/PAVER/HOLANDES/PARALELEPIPEDO, *22 CM X 11* CM, E = 8 CM, RESISTENCIA DE 35 MPA (NBR 9781), COR NATURAL | C4: SINAPI | D4: Material | E4: M2 | F4: 16162.89 | G4: 49 | H4: 791981.61 | I4: 12.595182 | J4: 12.595182 | K4: A
A5: E9514 | B5: Distribuidor de agregados sobre pneus autopropelido - 130 kW (PRODUTIVO) | C5: SICRO | D5: Equipamento Custo Horário | E5: CHP | F5: 2387.92 | G5: 280.7372 | H5: 670377.97 | I5: 10.661273 | J5: 23.256455 | K5: A
A6: E9571 | B6: Caminhão tanque com capacidade de 10.000 l - 188 kW (PRODUTIVO) | C6: SICRO | D6: Equipamento Custo Horário | E6: CHP | F6: 1814.8192 | G6: 346.7634 | H6: 629312.88 | I6: 10.008199 | J6: 33.264654 | K6: A
A7: E9762 | B7: Rolo compactador de pneus autopropelido de 27 t - 85 kW (PRODUTIVO) | C7: SICRO | D7: Equipamento Custo Horário | E7: CHP | F7: 2101.3696 | G7: 229.6774 | H7: 482637.11 | I7: 7.6755595 | J7: 40.940214 | K7: A
A8: 00001518 | B8: CONCRETO BETUMINOSO USINADO A QUENTE (CBUQ) PARA PAVIMENTACAO ASFALTICA, PADRAO DNIT, FAIXA C, COM CAP 50/70 - AQUISICAO POSTO USINA | C8: SINAPI | D8: Material | E8: T | F8: 737.7 | G8: 522.5 | H8: 385448.25 | I8: 6.1299286 | J8: 47.070142 | K8: A
A9: E9530 | B9: Rolo compactador liso vibratório autopropelido por pneus de 11 t - 97 kW (PRODUTIVO) | C9: SICRO | D9: Equipamento Custo Horário | E9: CHP | F9: 1695.4232 | G9: 199.582 | H9: 338375.95 | I9: 5.3813201 | J9: 52.451463 | K9: B
A10: 00006111 | B10: SERVENTE DE OBRAS | C10: SINAPI | D10: Mão de Obra | E10: H | F10: 23578.89 | G10: 14.19 | H10: 334584.45 | I10: 5.3210225 | J10: 57.772485 | K10: B
A11: 00036154 | B11: BLOQUETE/PISO INTERTRAVADO DE CONCRETO - MODELO ONDA/16 FACES/RETANGULAR/TIJOLINHO/PAVER/HOLANDES/PARALELEPIPEDO, 20 CM X 10 CM, E = 8 CM, RESISTENCIA DE 35 MPA (NBR 9781), COLORIDO | C11: SINAPI | D11: Material | E11: M2 | F11: 5916.65 | G11: 53.92 | H11: 319025.77 | I11: 5.0735868 | J11: 62.846072 | K11: B
A12: 00004221 | B12: OLEO DIESEL COMBUSTIVEL COMUM | C12: SINAPI | D12: Material | E12: L | F12: 35996.799 | G12: 7.64 | H12: 275015.55 | I12: 4.3736758 | J12: 67.219748 | K12: B
A13: M0808 | B13: Brita 4 | C13: SICRO | D13: Material | E13: m³ | F13: 3008.78 | G13: 90.74 | H13: 273016.7 | I13: 4.3418873 | J13: 71.561635 | K13: B
A14: 00004059 | B14: MEIO-FIO OU GUIA DE CONCRETO, PRE-MOLDADO, COMP 1 M, *30 X 12/15* CM (H X L1/L2) | C14: SINAPI | D14: Material | E14: M | F14: 7362.4793 | G14: 36.61 | H14: 269540.37 | I14: 4.2866019 | J14: 75.848237 | K14: B
A15: INS-185032 | B15: BRITA GRADUADA SIMPLES (BGS) | C15: Composições | D15: Material | E15: M³ | F15: 4304.48 | G15: 56.1 | H15: 241481.33 | I15: 3.8403684 | J15: 79.688605 | K15: B
... A250: E9579 | B250: Caminhão basculante com capacidade de 10 m³ - 188 kW (IMPRODUTIVO) | C250: SICRO | D250: Equipamento Custo Horário | E250: CHI | F250: 0 | G250: 83.0368 | H250: 0 | I250: 0 | J250: 123.87601 | K250: C
G252: Subtotal até 123,88% | I252: 7789290.2
G253: Outros: | I253: -1501317.2
G254: Valor total do Orçamento: | I254: 6287972.9

Sheet CRONOGRAMA
A2: ITEM | B2: DESCRIÇÃO | C2: VALOR (R$) | D2: MÊS 1 | E2: MÊS 2 | F2: MÊS 3 | G2: MÊS 4 | H2: MÊS 5 | J2: MÊS 6 | K2: MÊS 7 | L2: MÊS 8 | M2: MÊS 9 | N2: MÊS 10 | O2: MÊS 11 | P2: MÊS 12 | Q2: MÊS 13 | R2: MÊS 14 | S2: MÊS 15 | T2: MÊS 16 | U2: MÊS 17 | V2: MÊS 18 | W2: MÊS 19 | X2: MÊS 20 | Y2: MÊS 21 | Z2: MÊS 22 | AA2: MÊS 23 | AB2: MÊS 24 | AC2: Total parcela
A3: 1 | B3: PAVIMENTAÇÃO | C3: 5685898.4 | D3: 0.0287 | E3: 0.0842 | F3: 0.0751 | G3: 0.095 | H3: 0.1141 | J3: 0.0765 | K3: 0.06 | L3: 0.0167 | M3: 0.0175 | N3: 0.0246 | O3: 0.018 | P3: 0.0175 | Q3: 0.0247 | R3: 0.0257 | S3: 0.0224 | T3: 0.0329 | U3: 0.0268 | V3: 0.0268 | W3: 0.0333 | X3: 0.0249 | Y3: 0.0479 | Z3: 0.0585 | AA3: 0.0302 | AB3: 0.018 | AC3: 1
D4: 162144.48 | E4: 476093.19 | F4: 424540.2 | G4: 537237.67 | H4: 645371.57 | J4: 432643.32 | K4: 339695.68 | L4: 94691.94 | M4: 101489.86 | N4: 139485.15 | O4: 101966.98 | P4: 99255.38 | Q4: 139832.37 | R4: 145692.99 | S4: 126696.38 | T4: 186040.77 | U4: 151485.29 | V4: 157494.88 | W4: 193913.81 | X4: 146517.81 | Y4: 276590.79 | Z4: 332708.05 | AA4: 171689.71 | AB4: 102620.09 | AC4: 5685898.4
A5: 1.1 | B5: RUA MANOEL BENÍCIO - PIEDADE | C5: 757147.32 | D5: 0.2143 | E5: 0.4309 | F5: 0.3548 | AC5: 1
D6: 162144.48 | E6: 326343.22 | F6: 268659.62 | AC6: 757147.32
A7: 1.1.1 | B7: INSTALAÇÕES PROVISÓRIAS | C7: 7783.05 | D7: 1 | AC7: 1
D8: 7783.05 | AC8: 7783.05
A9: 1.1.2 | B9: ADMINISTRAÇÃO LOCAL | C9: 26597.11 | D9: 0.3333 | E9: 0.3333 | F9: 0.3334 | AC9: 1
D10: 8864.82 | E10: 8864.82 | F10: 8867.47 | AC10: 26597.11
A11: 1.1.3 | B11: SERVIÇOS PRELIMINARES | C11: 16063.34 | D11: 1 | AC11: 1
D12: 16063.34 | AC12: 16063.34
A13: 1.1.4 | B13: TERRAPLANAGEM | C13: 37121.15 | D13: 0.6 | E13: 0.4 | AC13: 1
D14: 22272.69 | E14: 14848.46 | AC14: 37121.15
A15: 1.1.5 | B15: PAVIMENTAÇÃO | C15: 325065.58 | E15: 0.6 | F15: 0.4 | AC15: 1
E16: 195039.35 | F16: 130026.23 | AC16: 325065.58
A17: 1.1.6 | B17: DRENAGEM | C17: 2150.05 | D17: 0.4 | E17: 0.6 | AC17: 1
D18: 860.02 | E18: 1290.03 | AC18: 2150.05
A19: 1.1.7 | B19: SINALIZAÇÃO | C19: 13597.48 | F19: 1 | AC19: 1
F20: 13597.48 | AC20: 13597.48
A21: 1.1.8 | B21: ACESSIBILIDADE | C21: 9836 | F21: 1 | AC21: 1
F22: 9836 | AC22: 9836
A23: 1.1.9 | B23: MATERIAIS | C23: 318933.56 | D23: 0.3333 | E23: 0.3333 | F23: 0.3334 | AC23: 1
D24: 106300.56 | E24: 106300.56 | F24: 106332.44 | AC24: 318933.56
A25: 1.2 | B25: RUA GOIANINHA - JARDIM JORDÃO | C25: 284551.62 | G25: 0.4765 | H25: 0.5235 | AC25: 1
G26: 135591.68 | H26: 148959.94 | AC26: 284551.62
A27: 1.2.1 | B27: INSTALAÇÕES PROVISÓRIAS | C27: 6960.06 | G27: 1 | AC27: 1
G28: 6960.06 | AC28: 6960.06
A29: 1.2.2 | B29: ADMINISTRAÇÃO LOCAL | C29: 12787.84 | G29: 0.5 | H29: 0.5 | AC29: 1
G30: 6393.92 | H30: 6393.92 | AC30: 12787.84
A31: 1.2.3 | B31: SERVIÇOS PRELIMINARES | C31: 1260.8 | G31: 1 | AC31: 1
G32: 1260.8 | AC32: 1260.8
A33: 1.2.4 | B33: TERRAPLANAGEM | C33: 18611.17 | G33: 0.6 | H33: 0.4 | AC33: 1
G34: 11166.7 | H34: 7444.47 | AC34: 18611.17
A35: 1.2.5 | B35: PAVIMENTAÇÃO | C35: 105028 | G35: 0.4 | H35: 0.6 | AC35: 1
G36: 42011.2 | H36: 63016.8 | AC36: 105028
A37: 1.2.6 | B37: DRENAGEM | C37: 7441.58 | G37: 0.6 | H37: 0.4 | AC37: 1
G38: 4464.95 | H38: 2976.63 | AC38: 7441.58
A39: 1.2.7 | B39: SINALIZAÇÃO | C39: 5381.98 | H39: 1 | AC39: 1
H40: 5381.98 | AC40: 5381.98
A41: 1.2.8 | B41: ACESSIBILIDADE | C41: 412.09 | H41: 1 | AC41: 1
H42: 412.09 | AC42: 412.09
A43: 1.2.9 | B43: MATERIAIS | C43: 126668.1 | G43: 0.5 | H43: 0.5 | AC43: 1
G44: 63334.05 | H44: 63334.05 | AC44: 126668.1
A45: 1.3 | B45: RUA RENASCENÇA - CAJUEIRO SECO | C45: 1062806.7 | E45: 0.1409 | F45: 0.1467 | G45: 0.2337 | H45: 0.2229 | J45: 0.1508 | K45: 0.105 | AC45: 1
E46: 149749.97 | F46: 155880.58 | G46: 248461.22 | H46: 236944.9 | J46: 160255.07 | K46: 111514.96 | AC46: 1062806.7
A47: 1.3.1 | B47: INSTALAÇÕES PROVISÓRIAS | C47: 10252.02 | E47: 1 | AC47: 1
E48: 10252.02 | AC48: 10252.02
A49: 1.3.2 | B49: ADMINISTRAÇÃO LOCAL | C49: 38363.51 | E49: 0.1666 | F49: 0.1666 | G49: 0.1666 | H49: 0.1666 | J49: 0.1666 | K49: 0.167 | AC49: 1
E50: 6391.36 | F50: 6391.36 | G50: 6391.36 | H50: 6391.36 | J50: 6391.36 | K50: 6406.71 | AC50: 38363.51
A51: 1.3.3 | B51: SERVIÇOS PRELIMINARES | C51: 48932.82 | E51: 0.5 | F51: 0.5 | AC51: 1
E52: 24466.41 | F52: 24466.41 | AC52: 48932.82
A53: 1.3.4 | B53: TERRAPLANAGEM | C53: 33250.02 | E53: 0.6 | F53: 0.4 | AC53: 1
E54: 19950.01 | F54: 13300.01 | AC54: 33250.02
A55: 1.3.5 | B55: PAVIMENTAÇÃO | C55: 325867.66 | G55: 0.4 | H55: 0.4 | J55: 0.2 | AC55: 1
G56: 130347.06 | H56: 130347.06 | J56: 65173.54 | AC56: 325867.66
A57: 1.3.6 | B57: DRENAGEM | C57: 57581.57 | F57: 0.4 | G57: 0.4 | H57: 0.2 | AC57: 1
F58: 23032.63 | G58: 23032.63 | H58: 11516.31 | AC58: 57581.57
A59: 1.3.7 | B59: SINALIZAÇÃO | C59: 14049.6 | K59: 1 | AC59: 1
K60: 14049.6 | AC60: 14049.6
A61: 1.3.8 | B61: ACESSIBILIDADE | C61: 2155.55 | K61: 1 | AC61: 1
K62: 2155.55 | AC62: 2155.55
A63: 1.3.9 | B63: MATERIAIS | C63: 532353.95 | E63: 0.1666 | F63: 0.1666 | G63: 0.1666 | H63: 0.1666 | J63: 0.1666 | K63: 0.167 | AC63: 1
E64: 88690.17 | F64: 88690.17 | G64: 88690.17 | H64: 88690.17 | J64: 88690.17 | K64: 88903.1 | AC64: 532353.95
A65: 1.4 | B65: RUA MARACANÃ - SOTAVE | C65: 1007912.4 | G65: 0.152 | H65: 0.2574 | J65: 0.2702 | K65: 0.2264 | L65: 0.094 | AC65: 1
G66: 153184.77 | H66: 259466.73 | J66: 272388.25 | K66: 228180.72 | L66: 94691.94 | AC66: 1007912.4
A67: 1.4.1 | B67: INSTALAÇÕES PROVISÓRIAS | C67: 9429.03 | G67: 1 | AC67: 1
G68: 9429.03 | AC68: 9429.03
A69: 1.4.2 | B69: ADMINISTRAÇÃO LOCAL | C69: 32068.46 | G69: 0.2 | H69: 0.2 | J69: 0.2 | K69: 0.2 | L69: 0.2 | AC69: 1
G70: 6413.69 | H70: 6413.69 | J70: 6413.69 | K70: 6413.69 | L70: 6413.7 | AC70: 32068.46
A71: 1.4.3 | B71: SERVIÇOS PRELIMINARES | C71: 2593.17 | G71: 1 | AC71: 1
G72: 2593.17 | AC72: 2593.17
A73: 1.4.4 | B73: TERRAPLENAGEM | C73: 84837.95 | G73: 0.6 | H73: 0.4 | AC73: 1
G74: 50902.77 | H74: 33935.18 | AC74: 84837.95
A75: 1.4.5 | B75: PAVIMENTAÇÃO | C75: 234283.49 | H75: 0.2 | J75: 0.4 | K75: 0.4 | AC75: 1
H76: 46856.7 | J76: 93713.4 | K76: 93713.39 | AC76: 234283.49
A77: 1.4.6 | B77: DRENAGEM | C77: 221037.63 | H77: 0.4 | J77: 0.4 | K77: 0.2 | AC77: 1
H78: 88415.05 | J78: 88415.05 | K78: 44207.53 | AC78: 221037.63
A79: 1.4.7 | B79: SINALIZAÇÃO | C79: 4432.12 | L79: 1 | AC79: 1
L80: 4432.12 | AC80: 4432.12
A81: 1.4.8 | B81: MATERIAIS | C81: 419230.56 | G81: 0.2 | H81: 0.2 | J81: 0.2 | K81: 0.2 | L81: 0.2 | AC81: 1
G82: 83846.11 | H82: 83846.11 | J82: 83846.11 | K82: 83846.11 | L82: 83846.12 | AC82: 419230.56
A83: 1.5 | B83: RUA MARANDANE - SOTAVE | C83: 342941.99 | M83: 0.2911 | N83: 0.4089 | O83: 0.3 | AC83: 1
M84: 101489.86 | N84: 139485.15 | O84: 101966.98 | AC84: 342941.99
A85: 1.5.1 | B85: INSTALAÇÕES PROVISÓRIAS | C85: 7783.05 | M85: 1 | AC85: 1
M86: 7783.05 | AC86: 7783.05
A87: 1.5.2 | B87: ADMINISTRAÇÃO LOCAL | C87: 16378.25 | M87: 0.3333 | N87: 0.3333 | O87: 0.3334 | AC87: 1
M88: 5458.87 | N88: 5458.87 | O88: 5460.51 | AC88: 16378.25
A89: 1.5.3 | B89: SERVIÇOS PRELIMINARES | C89: 5203.02 | M89: 1 | AC89: 1
M90: 5203.02 | AC90: 5203.02
A91: 1.5.4 | B91: TERRAPLENAGEM | C91: 19653 | M91: 0.6 | N91: 0.4 | AC91: 1
M92: 11791.8 | N92: 7861.2 | AC92: 19653
A93: 1.5.5 | B93: PAVIMENTAÇÃO | C93: 80528.63 | N93: 0.6 | O93: 0.4 | AC93: 1
N94: 48317.18 | O94: 32211.45 | AC94: 80528.63
A95: 1.5.6 | B95: DRENAGEM | C95: 32973.9 | M95: 0.4 | N95: 0.6 | AC95: 1
M96: 13189.56 | N96: 19784.34 | AC96: 32973.9
A97: 1.5.7 | B97: SINALIZAÇÃO | C97: 4761.17 | O97: 1 | AC97: 1
O98: 4761.17 | AC98: 4761.17
A99: 1.5.8 | B99: ACESSIBILIDADE | C99: 1452.88 | O99: 1 | AC99: 1
O100: 1452.88 | AC100: 1452.88
A101: 1.5.9 | B101: MATERIAIS | C101: 174208.09 | M101: 0.3333 | N101: 0.3333 | O101: 0.3334 | AC101: 1
...

Sheet mapa cotação
A6: MAPA DE COTAÇÕES - CADASTRO DE FORNECEDORES
A8: Fornecedor | B8: Razão Social | C8: CNPJ | E8: Nome do Contato: | F8: Telefone 1 | G8: Telefone 2 | H8: Email/Website
A9: F.01 | B9: TERPAV ENGENHARIA LTDA | C9: 19.993.011/0001-48 | E9: Fernando Odilon | F9: (81) 9.8501-4732
A10: F.02 | B10: BRASILAR COMÉRCIO, INDÚSTRIA E SERVIÇOS DE CONSTRUÇÃO LTDA | C10: 02.173.244/0001-00 | F10: (81) 3429-2902
A11: F.03 | B11: SÓPEDRA TRANSPORTE COMÉRCIO E CONSTRUÇÃO LTDA | C11: 07.305.450/0001-31 | F11: (81) 9.9961-1833 | H11: sopedralima@hotmail.com
A13: MAPA DE COTAÇÕES - PREÇOS
A15: CÓDIGO | B15: DESCRIÇÃO | C15: UNID | D15: MENOR | E15: Fornecedores | F15: Fornecedor A | G15: Fornecedor B | H15: Fornecedor C
A17: COTAÇÃO 01 | B17: PARALELEPÍPEDO GRANÍTICO OU BASÁLTICO, PARA PAVIMENTAÇÃO | C17: MIL | D17: =MEDIAN(F24:H24) -> 495 | E17: Razão Social: | F17: =B9 -> TERPAV ENGENHARIA LTDA | G17: =B10 -> BRASILAR COMÉRCIO, INDÚSTRIA E SERVIÇOS DE CONSTRUÇÃO LTDA | H17: =B11 -> SÓPEDRA TRANSPORTE COMÉRCIO E CONSTRUÇÃO LTDA
E18: CNPJ: | F18: =C9 -> 19.993.011/0001-48 | G18: =C10 -> 02.173.244/0001-00 | H18: =C11 -> 07.305.450/0001-31
E19: Nome do Contato: | F19: =E9 -> Fernando Odilon | G19: =E10 -> 0 | H19: =E11 -> 0
E20: Data do Contato: | F20: 30/02/2019 | G20: 29/02/2019 | H20: 29/02/2019
E21: Telefone: | F21: =F9 -> (81) 9.8501-4732 | G21: =F10 -> (81) 3429-2902 | H21: =F11 -> (81) 9.9961-1833
E22: Preço Produto: | F22: 420 | G22: 450 | H22: 450
E23: Frete | F23: =F22*0.1 -> 42 | G23: =G22*0.1 -> 45 | H23: =H22*0.1 -> 45
E24: Preço total: | F24: =F22+F23 -> 462 | G24: =G22+G23 -> 495 | H24: =H22+H23 -> 495
A26: Fornecedor | B26: Razão Social | C26: CNPJ | E26: Nome do Contato: | F26: Telefone 1 | G26: Telefone 2 | H26: Email/Website
A27: F.01 | B27: Litoral banheiros quimicos | C27: 11.761.604/0001-77 | E27: =F37 -> IANA | F27: (81) 99812-5679 | G27: (81) 3083-1372 | H27: litoralbanheirosquimicos@gmail.com
A28: F.02 | B28: LIMPEX | C28: =G36 -> 11.356.463/0001-07 | E28: Brisa Luanna | F28: (81) 3251-0850 | H28: contato@limpexsolucoesambientais.com.br
A29: F.03 | B29: BW LOCAÇÕES | C29: 03.609.5070001-35 | E29: Luiz Bezerra | F29: (81) 3339-1469 | G29: (81) 3339-0354 | H29: bwlocacoes@gmail.com
A31: MAPA DE COTAÇÕES - PREÇOS
A33: CÓDIGO | B33: DESCRIÇÃO | C33: UNID | D33: MENOR | E33: Fornecedores | F33: Fornecedor A | G33: Fornecedor B | H33: Fornecedor C
A35: COTAÇÃO 1 | B35: BANHEIRO QUÍMICO, COM LOCAÇÃO, TRANSPORTE E LIMPEZA | C35: MÊS | D35: =MIN(F42:H42) -> 700 | E35: Razão Social: | F35: =B27 -> Litoral banheiros quimicos | G35: Limpex | H35: =B29 -> BW LOCAÇÕES
E36: CNPJ: | F36: =C27 -> 11.761.604/0001-77 | G36: 11.356.463/0001-07 | H36: =C29 -> 03.609.5070001-35
E37: Nome do Contato: | F37: IANA | G37: =E28 -> Brisa Luanna | H37: =E29 -> Luiz Bezerra
E38: Data do Contato: | F38: 44637 | G38: 44608 | H38: 44608
E39: Telefone: | F39: =F27 -> (81) 99812-5679 | G39: 81 - 3251-0850 | H39: =F29 -> (81) 3339-1469
E40: Preço Produto: | F40: 700 | G40: 700 | H40: 800
E41: Frete e limpeza incluso | F41: 0 | G41: 0 | H41: 0
E42: Preço total: | F42: =F40+F41 -> 700 | G42: =G40+G41 -> 700 | H42: =H40+H41 -> 800
A43: INS-54745269 | B43: ASFALTO DILUÍDO CM - 30 - JUNHO/22 | C43: KG | D43: =MIN(F50:H50) -> 5.32 | E43: Razão Social: | F43: SBC - RECIFE - JULHO/22 | G43: EMOPE - JUNHO/22 | H43: ANP -JUNHO/22
E44: CNPJ: | F44: CODIGO - I000089 | G44: CODIGO - 14603
E45: Nome do Contato: | F45: 6.16 | G45: 7.49 | H45: 5.32
E46: Data do Contato: | F46: 44777 | G46: 44679 | H46: 44777
E47: Contato:
E48: Preço Produto: | F48: =F45 -> 6.16 | G48: =G45 -> 7.49 | H48: =H45 -> 5.32
E49: Frete:
E50: Preço Total: | F50: =F48+F49 -> 6.16 | G50: =G48+G49 -> 7.49 | H50: =H48+H49 -> 5.32
A51: INS-185032 | B51: BRITA GRADUADA SIMPLES (BGS) | C51: M3 | D51: =MIN(F58:H58) -> 56.1 | E51: Razão Social: | F51: MEGA MINERAÇÃO | G51: PEDREIRA GUARANY | H51: POLIMIX AGREGADOS
E52: CNPJ: | F52: 28.952.592/0001-60 | G52: 11.502.366/0002-66 | H52: 29.067.113/0001-96
E53: Nome do Contato:
E54: Data do Contato: | F54: 44825 | G54: 44825 | H54: 44825
E55: Contato:
E56: Preço Produto: | F56: 64.35 | G56: =34*1.65 -> 56.1 | H56: =40*1.65 -> 66
E57: Frete:
E58: Preço Total: | F58: =F56+F57 -> 64.35 | G58: =G56+G57 -> 56.1 | H58: =H56+H57 -> 66

Sheet BDI
A3: COD | B3: DESCRIÇÃO | C3: %
B5: Benefício
A6: S + G | B6: Garantia/seguros | C6: 0.32
A7: L | B7: Lucro | C7: 2.73
B8: TOTAL | C8: 3.05
B11: Despesas Indiretas
A12: AC | B12: Administração central | C12: 3.8
A13: DF | B13: Despesas financeiras | C13: 1.02
A14: R | B14: Riscos | C14: 0.5
B15: TOTAL | C15: 5.32
A18: I | B18: Impostos
B19: COFINS | C19: 3
B20: ISS | C20: 4
B21: PIS | C21: 0.65
B22: TOTAL | C22: 7.65
B24: BDI = 17,57%
B25: (1+AC+S+R+G)*(1+DF)*(1+L)/(1-I)-1
A27: COD | B27: DESCRIÇÃO | C27: %
B29: Benefício
A30: S + G | B30: Garantia/seguros | C30: 0.3
A31: L | B31: Lucro | C31: 2.73
B32: TOTAL | C32: 3.03
B35: Despesas Indiretas
A36: AC | B36: Administração central | C36: 1.5
A37: DF | B37: Despesas financeiras | C37: 0.85
A38: R | B38: Riscos | C38: 0.56
B39: TOTAL | C39: 2.91
A42: I | B42: Impostos
B43: COFINS | C43: 3
B44: PIS | C44: 0.65
B45: TOTAL | C45: 3.65
B47: BDI = 10,07%
B48: (1+AC+S+R+G)*(1+DF)*(1+L)/(1-I)-1
